Workbook
Name _____PJ50: #REF!
Name _____PJ50: #REF!
Name _____PJ50: #REF!
Name _____PJ50: #REF!
Name _____PJ50: #REF!
Name _____PJ50: #REF!
Name _____PJ50: #REF!
Name _____PJ50: #REF!
Name _____PJ50: #REF!
Name _____PJ50: #REF!
Name _____pj51: #REF!
Name _____pj51: #REF!
Name _____pj51: #REF!
Name _____pj51: #REF!
Name _____pj51: #REF!
Name _____pj51: #REF!
Name _____pj51: #REF!
Name _____pj51: #REF!
Name _____pj51: #REF!
Name _____pj51: #REF!
Name ____PJ50: #REF!
Name ____PJ50: #REF!
Name ____PJ50: #REF!
Name ____PJ50: #REF!
Name ____PJ50: #REF!
Name ____PJ50: #REF!
Name ____PJ50: #REF!
Name ____PJ50: #REF!
Name ____PJ50: #REF!
Name ____PJ50: #REF!
Name ____pj51: #REF!
Name ____pj51: #REF!
Name ____pj51: #REF!
Name ____pj51: #REF!
Name ____pj51: #REF!
Name ____pj51: #REF!
Name ____pj51: #REF!
Name ____pj51: #REF!
Name ____pj51: #REF!
Name ____pj51: #REF!
Name ___PJ50: #REF!
Name ___PJ50: #REF!
Name ___PJ50: #REF!
Name ___PJ50: #REF!
Name ___PJ50: #REF!
Name ___PJ50: #REF!
Name ___PJ50: #REF!
Name ___PJ50: #REF!
Name ___PJ50: #REF!
Name ___PJ50: #REF!
Name ___pj51: #REF!
Name ___pj51: #REF!
Name ___pj51: #REF!
Name ___pj51: #REF!
Name ___pj51: #REF!
Name ___pj51: #REF!
Name ___pj51: #REF!
Name ___pj51: #REF!
Name ___pj51: #REF!
Name ___pj51: #REF!

Sheet PROMEDIO COTIZACION
A1: REPUBLICA DE COLOMBIA
A2: MUNICIPIO DE SAMPUÉS - SUCRE
A3: SECRETARIA DE EDUCACION MUNICIPAL
A4: PROGRAMA DE ALIMENTACIÓN ESCOLAR VIGENCIA 2023 - LEY 715 DE 2001
A6: CONSOLIDADO PRODUCTOS POR COTIZACIONES, PRECIO Y PROMEDIO
A8: NOMBRE DEL PRODUCTO | B8: PRESENTACION | C8: REFERENCIA DE MEDIDA | D8: PRECIOS SIPSA DE REFERENCIA (17 al 23 de Diciembre de 2022) | E8: COTIZACION 1 | F8: COTIZACION 2 | G8: COTIZACION 3 | H8: PROMEDIO | I8: VALOR Gr/Cc
A9: LENTEJA, COMUN, CRUDA | B9: GRAMOS | C9: 500 | D9: =7075/2 -> 3537.5 | E9: 3700 | F9: 3680 | G9: 4000 | H9: =AVERAGE(E9:G9) -> 3793.3333 | I9: 7.59
A10: ZANAHORIA, SIN CASCARA, CRUDA | B10: GRAMOS | C10: 500 | D10: =1969/2 -> 984.5 | E10: 2325 | F10: 1900 | G10: 1300 | H10: =AVERAGE(E10:G10) -> 1841.6667 | I10: 3.68
A11: PIMENTON ROJO, CRUDO | B11: GRAMOS | C11: 500 | D11: =6892/2 -> 3446 | E11: 4790 | F11: 4450 | G11: 4500 | H11: =AVERAGE(E11:G11) -> 4580 | I11: 9.16
A12: CEBOLLA CABEZONA, CRUDA | B12: GRAMOS | C12: 500 | D12: =5033/2 -> 2516.5 | E12: 2390 | F12: 2650 | G12: 2500 | H12: =AVERAGE(E12:G12) -> 2513.3333 | I12: 5.03
A13: CEBOLLA JUNCA, TALLOS, CRUDA | B13: GRAMOS | C13: 500 | D13: =1333/2 -> 666.5 | E13: 1290 | F13: 1400 | G13: 1000 | H13: =AVERAGE(E13:G13) -> 1230 | I13: 2.46
A14: AJI DULCE, CRUDO | B14: GRAMOS | C14: 500 | D14: =7333/2 -> 3666.5 | E14: 7140 | F14: 7300 | G14: 6000 | H14: =AVERAGE(E14:G14) -> 6813.3333 | I14: 13.63
A15: AJO | B15: GRAMOS | C15: 500 | D15: =6922/2 -> 3461 | E15: 6450 | F15: 6700 | G15: 5000 | H15: =AVERAGE(E15:G15) -> 6050 | I15: 12.1
A16: SAL | B16: GRAMOS | C16: 500 | D16: 1738 | E16: 950 | F16: 1100 | G16: 800 | H16: =AVERAGE(E16:G16) -> 950 | I16: 1.9
A17: TOMATE, CRUDO | B17: GRAMOS | C17: 500 | D17: =4125/2 -> 2062.5 | E17: 3240 | F17: 2600 | G17: 1800 | H17: =AVERAGE(E17:G17) -> 2546.6667 | I17: 5.09
A18: ACEITE, MEZCLA VEGETAL | B18: CC | C18: 1000 | D18: =7960/2 -> 3980 | E18: 12850 | F18: 12400 | G18: 12500 | H18: =AVERAGE(E18:G18) -> 12583.333 | I18: 12.58
A19: ARROZ BLANCO, PULIDO, CRUDO | B19: GRAMOS | C19: 500 | D19: =3580/2 -> 1790 | E19: 2590 | F19: 2250 | G19: 2000 | H19: =AVERAGE(E19:G19) -> 2280 | I19: 4.56
A20: PASTA ALIMENTICIA, ENRIQUECIDA, CRUDA | B20: GRAMOS | C20: 500 | D20: =6170/2 -> 3085 | E20: 4400 | F20: 3800 | G20: 3000 | H20: =AVERAGE(E20:G20) -> 3733.3333 | I20: 7.47
A21: YUCA BLANCA, SIN CASCARA, CRUDA | B21: GRAMOS | C21: 500 | D21: =1417/2 -> 708.5 | E21: 1200 | F21: 1500 | G21: 1000 | H21: =AVERAGE(E21:G21) -> 1233.3333 | I21: 2.47
A22: BANANO COMUN, CRUDO | B22: GRAMOS | C22: 500 | D22: =1888/2 -> 944 | E22: 1500 | F22: 1100 | G22: 900 | H22: =AVERAGE(E22:G22) -> 1166.6667 | I22: 2.33
A23: AZUCAR BLANCO, GRANULADO | B23: GRAMOS | C23: 500 | D23: =4060/2 -> 2030 | E23: 2570 | F23: 2650 | G23: 2500 | H23: =AVERAGE(E23:G23) -> 2573.3333 | I23: 5.15
A24: LECHE DE VACA, ENTERA, EN POLVO | B24: GRAMOS | C24: 500 | D24: =38252/2 -> 19126 | E24: 18800 | F24: 19350 | G24: 18800 | H24: =AVERAGE(E24:G24) -> 18983.333 | I24: 37.97
A25: POLLO, PECHUGA CON PIEL, CRUDA | B25: GRAMOS | C25: 500 | D25: =13800/2 -> 6900 | E25: 9200 | F25: 10000 | G25: 8000 | H25: =AVERAGE(E25:G25) -> 9066.6667 | I25: 18.13
A26: PAPA, CON CASCARA, CRUDA | B26: GRAMOS | C26: 500 | D26: =3250/2 -> 1625 | E26: 2950 | F26: 2800 | G26: 2800 | H26: =AVERAGE(E26:G26) -> 2850 | I26: 5.7
A27: RES, HIGADO, CRUDO | B27: GRAMOS | C27: 500 | D27: NA | E27: 7500 | F27: 6800 | G27: 6300 | H27: =AVERAGE(E27:G27) -> 6866.6667 | I27: 13.73
A28: PIÑA, CRUDA | B28: GRAMOS | C28: 500 | D28: =1983/2 -> 991.5 | E28: 1890 | F28: 1800 | G28: 2000 | H28: =AVERAGE(E28:G28) -> 1896.6667 | I28: 3.79
A29: FRIJOL, ROJO, CRUDO | B29: GRAMOS | C29: 500 | D29: =8950/2 -> 4475 | E29: 4290 | F29: 3900 | G29: 5000 | H29: =AVERAGE(E29:G29) -> 4396.6667 | I29: 8.79
A30: HUEVO DE GALLINA, ENTERO, CRUDO | B30: GRAMOS | C30: 55 | D30: 534 | E30: 530 | F30: 650 | G30: 600 | H30: =AVERAGE(E30:G30) -> 593.33333 | I30: 10.79
A31: HABICHUELA, CRUDA | B31: GRAMOS | C31: 500 | D31: =4125/2 -> 2062.5 | E31: 2700 | F31: 2500 | G31: 2200 | H31: =AVERAGE(E31:G31) -> 2466.6667 | I31: 4.93
A32: AVENA EN HOJUELAS, PRECOCIDA | B32: GRAMOS | C32: 500 | D32: =9583/2 -> 4791.5 | E32: 4600 | F32: 3800 | G32: 4500 | H32: =AVERAGE(E32:G32) -> 4300 | I32: 8.6
A33: CANELA EN ASTILLAS | B33: GRAMOS | C33: 500 | D33: NA | E33: 45000 | F33: 47350 | G33: 40000 | H33: =AVERAGE(E33:G33) -> 44116.667 | I33: 88.23
A34: PLATANO HARTON, VERDE, CRUDO | B34: GRAMOS | C34: 500 | D34: =2588/2 -> 1294 | E34: 3800 | F34: 3400 | G34: 3500 | H34: =AVERAGE(E34:G34) -> 3566.6667 | I34: 7.13
A35: PANELA | B35: GRAMOS | C35: 500 | D35: =4286/2 -> 2143 | E35: 2850 | F35: 2950 | G35: 3000 | H35: =AVERAGE(E35:G35) -> 2933.3333 | I35: 5.87
A36: CARNE DE CERDO | B36: GRAMOS | C36: 500 | D36: =18500/2 -> 9250 | E36: 13800 | F36: 11800 | G36: 12000 | H36: =AVERAGE(E36:G36) -> 12533.333 | I36: 25.07
A37: BERENJENA, CON CASCARA, CRUDA | B37: GRAMOS | C37: 500 | D37: =2333/2 -> 1166.5 | E37: 2200 | F37: 2100 | G37: 1800 | H37: =AVERAGE(E37:G37) -> 2033.3333 | I37: 4.07
A38: MANDARINA, CRUDA | B38: GRAMOS | C38: 500 | D38: =1940/2 -> 970 | E38: 3600 | F38: 3100 | G38: 2700 | H38: =AVERAGE(E38:G38) -> 3133.3333 | I38: 6.27
A39: MANZANA COMUN, CRUDA | B39: GRAMOS | C39: 500 | D39: =8500/2 -> 4250 | E39: 6790 | F39: 6000 | G39: 6500 | H39: =AVERAGE(E39:G39) -> 6430 | I39: 12.86
A40: PERA, CRUDA | B40: GRAMOS | C40: 500 | D40: NA | E40: 7500 | F40: 6800 | G40: 7000 | H40: =AVERAGE(E40:G40) -> 7100 | I40: 14.2
A41: ACHIOTE, SECO | B41: GRAMOS | C41: 500 | D41: NA | E41: 4500 | F41: 4100 | G41: 3800 | H41: =AVERAGE(E41:G41) -> 4133.3333 | I41: 8.27
A42: MAIZ AMARILLO, TRILLADO | B42: GRAMOS | C42: 500 | D42: =2439/2 -> 1219.5 | E42: 2900 | F42: 2000 | G42: 1700 | H42: =AVERAGE(E42:G42) -> 2200 | I42: 4.4
A43: ALMIDON DE MAIZ, CRUDO | B43: GRAMOS | C43: 90 | D43: =(17917*90)/1000 -> 1612.53 | E43: 3300 | F43: 3000 | G43: 3500 | H43: =AVERAGE(E43:G43) -> 3266.6667 | I43: 36.3
A44: CHOCOLATE, EN BOLAS | B44: GRAMOS | C44: 500 | D44: NA | E44: 9050 | F44: 8100 | G44: 8000 | H44: =AVERAGE(E44:G44) -> 8383.3333 | I44: 16.77
A45: RES, CARNE MAGRA, CRUDA | B45: GRAMOS | C45: 500 | D45: =24000/2 -> 12000 | E45: 15000 | F45: 16900 | G45: 13500 | H45: =AVERAGE(E45:G45) -> 15133.333 | I45: 30.27
A46: ÑAME, CON CASCARA, CRUDO | B46: GRAMOS | C46: 500 | D46: =2467/2 -> 1233.5 | E46: 3200 | F46: 2850 | G46: 2300 | H46: =AVERAGE(E46:G46) -> 2783.3333 | I46: 5.57
A47: HARINA DE MAIZ AMARILLO, PRECOCIDA | B47: GRAMOS | C47: 500 | D47: =4556/2 -> 2278 | E47: 2750 | F47: 2400 | G47: 2300 | H47: =AVERAGE(E47:G47) -> 2483.3333 | I47: 4.97
A48: MAIZ BLANCO, TRILLADO | B48: GRAMOS | C48: 500 | D48: =2911/2 -> 1455.5 | E48: 1950 | F48: 2100 | G48: 2000 | H48: =AVERAGE(E48:G48) -> 2016.6667 | I48: 4.03
A49: PAPAYA, MADURA, CRUDA | B49: GRAMOS | C49: 500 | D49: =1567/2 -> 783.5 | E49: 2090 | F49: 2200 | G49: 2000 | H49: =AVERAGE(E49:G49) -> 2096.6667 | I49: 4.19
A50: ARVEJA SECA, CRUDA | B50: GRAMOS | C50: 500 | D50: =5000/2 -> 2500 | E50: 2190 | F50: 2000 | G50: 2500 | H50: =AVERAGE(E50:G50) -> 2230 | I50: 4.46
A51: NARANJA, CRUDA | B51: GRAMOS | C51: 500 | D51: =1650/2 -> 825 | E51: 1470 | F51: 1250 | G51: 1300 | H51: =AVERAGE(E51:G51) -> 1340 | I51: 2.68
A52: AGUA | B52: CC | C52: 20000 | D52: NA | E52: 14000 | F52: 12200 | G52: 14000 | H52: =AVERAGE(E52:G52) -> 13400 | I52: 0.67
A53: LECHE DE VACA, ENTERA, PASTEURIZADA | B53: CC | C53: 200 | D53: NA | E53: 1000 | F53: 1200 | G53: 1200 | H53: =AVERAGE(E53:G53) -> 1133.3333 | I53: 5.67
A54: LECHE DE VACA, ENTERA, PASTEURIZADA, SABORIZADA | B54: CC | C54: 200 | D54: NA | E54: 1020 | F54: 1300 | G54: 1300 | H54: =AVERAGE(E54:G54) -> 1206.6667 | I54: 6.03
A55: BEBIDA CON LECHE Y AVENA, PASTEURIZADA, SABOR NATURAL | B55: CC | C55: 200 | D55: NA | E55: 1040 | F55: 1600 | G55: 1600 | H55: =AVERAGE(E55:G55) -> 1413.3333 | I55: 7.07
A56: GALLETA PUNTO ROJO X 30 G | B56: GRAMOS | C56: 30 | D56: NA | E56: 370 | F56: 380 | G56: 390 | H56: =AVERAGE(E56:G56) -> 380 | I56: 12.67
A57: GALLETA PUNTO ROJO X 50 G | B57: GRAMOS | C57: 50 | D57: NA | E57: 620 | F57: 630 | G57: 650 | H57: =AVERAGE(E57:G57) -> 633.33333 | I57: 12.67
A58: GALLETA PUNTO ROJO X 60 G | B58: GRAMOS | C58: 60 | D58: NA | E58: 740 | F58: 750 | G58: 780 | H58: =AVERAGE(E58:G58) -> 756.66667 | I58: 12.61
A59: ROSCON DE BOCADILLO X 40 G | B59: GRAMOS | C59: 40 | D59: NA | E59: 640 | F59: 680 | G59: 720 | H59: =AVERAGE(E59:G59) -> 680 | I59: 17
A60: ROSCON DE BOCADILLO X 50 G | B60: GRAMOS | C60: 50 | D60: NA | E60: 800 | F60: 850 | G60: 900 | H60: =AVERAGE(E60:G60) -> 850 | I60: 17
A61: ROSCON DE BOCADILLO X 60 G | B61: GRAMOS | C61: 60 | D61: NA | E61: 960 | F61: 1020 | G61: 1080 | H61: =AVERAGE(E61:G61) -> 1020 | I61: 17
A62: ROSCON DE BOCADILLO X 70 G | B62: GRAMOS | C62: 70 | D62: NA | E62: 1120 | F62: 1190 | G62: 1260 | H62: =AVERAGE(E62:G62) -> 1190 | I62: 17
A63: CROISSANT X 40 G | B63: GRAMOS | C63: 40 | D63: NA | E63: 670 | F63: 680 | G63: 740 | H63: =AVERAGE(E63:G63) -> 696.66667 | I63: 17.42
... A84: PANELITA DE LECHE X 20 G | B84: GRAMOS | C84: 20 | D84: NA | E84: 340 | F84: 380 | G84: 350 | H84: =AVERAGE(E84:G84) -> 356.66667 | I84: 17.83

Sheet COMPLEMENTO AM-PM NIVEL PREESC
A1: REPUBLICA DE COLOMBIA
A2: MUNICIPIO DE SAMPUÉS - SUCRE
A3: SECRETARIA DE EDUCACION MUNICIPAL
A4: PROGRAMA DE ALIMENTACIÓN ESCOLAR VIGENCIA 2023 - LEY 715 DE 2001
A6: FORMATO ESTUDIO DE COSTOS
A7: ENTIDAD TERRITORIAL: | C7: SAMPUES
A9: MINUTA CON ENFOQUE ETNICO: | C9: No
A11: GRUPO ÉTNICO
A13: MODALIDAD DE ATENCIÓN | C13: Ración para Preparar en Sitio
A15: TIPO DE COMPLEMENTO | C15: Complemento JM/JT
A17: NIVEL | B17: Preescolar
A19: MENÚ No. | B19: 1
A21: COMPONENTE | B21: GRUPO DE ALIMENTOS | C21: NOMBRE DE PREPARACIÓN | D21: NOMBRE DEL ALIMENTO (Ingredientes) | E21: PESO BRUTO (g) | F21: VALOR
A23: BEBIDA CON LECHE | B23: GRUPO III. LECHE Y PRODUCTOS LACTEOS. | C23: COLADA DE AVENA CON LECHE | D23: AVENA EN HOJUELAS, PRECOCIDA | E23: 10 | F23: 86
B24: OTROS ALIMENTOS PARA LA PREPARACION DE LAS BEBIDAS COMO CEREALES O FRUTAS O CHOCOLATE O PANELA | D24: LECHE DE VACA, ENTERA, EN POLVO | E24: 13 | F24: 493.61
D25: CANELA EN ASTILLAS | E25: 2 | F25: 176.46
A26: ALIMENTO PROTEÍCO | B26: GRUPO IV. CARNES, HUEVOS, LEGUMINOSAS SECAS, FRUTOS SECOS Y SEMILLAS. | C26: PECHUGA EN CUADRITOS CON VEGETALES | D26: POLLO, PECHUGA CON PIEL, CRUDA | E26: 59.2 | F26: 1073.296
D27: CEBOLLA CABEZONA, CRUDA | E27: 10 | F27: 50.3
D28: PIMENTON ROJO, CRUDO | E28: 10 | F28: 91.6
D29: ZANAHORIA, SIN CASCARA, CRUDA | E29: 10 | F29: 36.8
D30: AJO | E30: 2 | F30: 24.2
D31: ACHIOTE, SECO | E31: 1 | F31: 8.27
D32: SAL | E32: 0.1 | F32: 0.19
A33: CEREAL ACOMPAÑANTE | B33: GRUPO I. CEREALES, RAICES, TUBERCULOS Y PLATANOS. | C33: PASTAS GUISADAS | D33: PASTA ALIMENTICIA, ENRIQUECIDA, CRUDA | E33: 20 | F33: 149.4
D34: TOMATE, CRUDO | E34: 10 | F34: 50.9
D35: AJO | E35: 2 | F35: 24.2
D36: CEBOLLA CABEZONA, CRUDA | E36: 10 | F36: 50.3
D37: SAL | E37: 0.1 | F37: 0.19
A38: AZUCARES | B38: GRUPO VI. AZUCARES | C38: AZUCAR PARA LA BEBIDA CON LECHE | D38: AZUCAR BLANCO, GRANULADO | E38: 5 | F38: 25.75
A39: GRASAS | B39: GRUPO V. GRASAS | C39: ACEITE PARA LAS PREPARACIONES | D39: ACEITE, MEZCLA VEGETAL | E39: 3 | F39: 37.74
A40: AGUA | B40: AGUA APTA PARA EL CONSUMO HUMANO | D40: AGUA | E40: 150 | F40: 100.5
A41: TOTAL MENÚ | F41: 2479.71
A43: MENÚ No. | B43: 2
A45: COMPONENTE | B45: GRUPO DE ALIMENTOS | C45: PREPARACIÓN | D45: NOMBRE DEL ALIMENTO (Ingredientes) | E45: PESO BRUTO (g) | F45: VALOR
A47: BEBIDA CON LECHE | B47: GRUPO III. LECHE Y PRODUCTOS LACTEOS. OTROS ALIMENTOS PARA LA PREPARACION DE LAS BEBIDAS COMO CEREALES O FRUTAS O CHOCOLATE O PANELA | C47: CHOCOLATE COSTEÑO CON LECHE | D47: CHOCOLATE, EN BOLAS | E47: 10 | F47: 167.7
D48: LECHE DE VACA, ENTERA, EN POLVO | E48: 13 | F48: 493.61
A49: CEREAL ACOMPAÑANTE | B49: GRUPO I. CEREALES, RAICES, TUBERCULOS Y PLATANOS. | C49: ROSCON DE HARINA DE MAIZ | D49: HARINA DE MAIZ AMARILLO, PRECOCIDA | E49: 35 | F49: 173.95
D50: SAL | E50: 0.1 | F50: 0.19
A51: FRUTA | B51: GRUPO II FRUTA Y VERDURA | C51: BANANO | D51: BANANO COMUN, CRUDO | E51: 115 | F51: 267.95
A52: AZUCARES | B52: GRUPO VI. AZUCARES | C52: AZUCAR PARA LA BEBIDA CON LECHE | D52: AZUCAR BLANCO, GRANULADO | E52: 5 | F52: 25.75
A53: GRASAS | B53: GRUPO V. GRASAS | C53: ACEITE PARA LAS PREPARACIONES | D53: ACEITE, MEZCLA VEGETAL | E53: 3 | F53: 37.74
A54: AGUA | B54: AGUA APTA PARA EL CONSUMO HUMANO | D54: AGUA | E54: 150 | F54: 100.5
A55: TOTAL MENÚ | F55: 1267.39
A57: MENÚ No. | B57: 3
A59: COMPONENTE | B59: GRUPO DE ALIMENTOS | C59: PREPARACIÓN | D59: NOMBRE DEL ALIMENTO (Ingredientes) | E59: PESO BRUTO (g) | F59: VALOR
A61: BEBIDA CON LECHE | B61: GRUPO III. LECHE Y PRODUCTOS LACTEOS | C61: COLADA DE FECULA DE MAIZ CON LECHE | D61: ALMIDON DE MAIZ, CRUDO | E61: 10 | F61: 363
B62: OTROS ALIMENTOS PARA LA PREPARACION DE LAS BEBIDAS COMO CEREALES O FRUTAS O CHOCOLATE O PANELA | D62: LECHE DE VACA, ENTERA, EN POLVO | E62: 13 | F62: 493.61
D63: CANELA EN ASTILLAS | E63: 2 | F63: 176.46
A64: ALIMENTO PROTEICO | B64: GRUPO IV. CARNES, HUEVOS, LEGUMINOSAS SECAS, FRUTOS SECOS Y SEMILLAS. | C64: CARNE DE RES GUISADA CON VERDURAS | D64: RES, CARNE MAGRA, CRUDA | E64: 56 | F64: 1695.12
D65: CEBOLLA CABEZONA, CRUDA | E65: 10 | F65: 50.3
D66: CEBOLLA JUNCA, TALLOS, CRUDA | E66: 10 | F66: 24.6
D67: AJO | E67: 2 | F67: 24.2
D68: PIMENTON ROJO, CRUDO | E68: 10 | F68: 91.6
D69: ZANAHORIA, SIN CASCARA, CRUDA | E69: 10 | F69: 36.8
D70: ACHIOTE, SECO | E70: 1 | F70: 8.27
D71: SAL | E71: 0.1 | F71: 0.19
A72: CEREAL ACOMPAÑANTE | B72: GRUPO I. CEREALES, RAICES, TUBERCULOS Y PLATANOS. | C72: ARROZ CON CEBOLLA | D72: ARROZ BLANCO, PULIDO, CRUDO | E72: 22.95 | F72: 104.652
D73: CEBOLLA CABEZONA, CRUDA | E73: 10 | F73: 50.3
D74: AJO | E74: 2 | F74: 24.2
D75: SAL | E75: 0.1 | F75: 0.19
A76: AZUCARES | B76: GRUPO VI. AZUCARES | C76: AZUCAR PARA LA BEBIDA CON LECHE | D76: AZUCAR BLANCO, GRANULADO | E76: 5 | F76: 25.75
A77: GRASAS | B77: GRUPO V. GRASAS | C77: ACEITE PARA LAS PREPARACIONES | D77: ACEITE, MEZCLA VEGETAL | E77: 4 | F77: 50.32
A78: AGUA | B78: AGUA APTA PARA EL CONSUMO HUMANO | D78: AGUA | E78: 150 | F78: 100.5
A79: TOTAL MENÚ | F79: 3320.06
A81: MENÚ No. | B81: 4
A83: COMPONENTE | B83: GRUPO DE ALIMENTOS | C83: PREPARACIÓN | D83: NOMBRE DEL ALIMENTO (Ingredientes) | E83: PESO BRUTO (g) | F83: VALOR
A85: BEBIDA CON LECHE | B85: GRUPO III. LECHE Y PRODUCTOS LACTEOS | C85: COLADA DE CUCHUCO DE MAIZ CON LECHE | D85: MAIZ AMARILLO, TRILLADO | E85: 10 | F85: 44
B86: OTROS ALIMENTOS PARA LA PREPARACION DE LAS BEBIDAS COMO CEREALES O FRUTAS O CHOCOLATE O PANELA | D86: LECHE DE VACA, ENTERA, EN POLVO | E86: 13 | F86: 493.61
D87: CANELA EN ASTILLAS | E87: 2 | F87: 176.46
A88: CEREAL ACOMPAÑANTE | B88: GRUPO I. CEREALES, RAICES, TUBERCULOS Y PLATANOS. | C88: ROSCÓN DE BOCADILLO | D88: ROSCON DE BOCADILLO X 40 G | E88: 40 | F88: 680
A89: FRUTA | B89: GRUPO II FRUTA Y VERDURA | C89: MANZANA | D89: MANZANA COMUN, CRUDA | E89: 95 | F89: 1221.7
A90: AZUCARES | B90: GRUPO VI. AZUCARES | C90: AZUCAR PARA LA BEBIDA CON LECHE | D90: AZUCAR BLANCO, GRANULADO | E90: 5 | F90: 25.75
A91: AGUA | B91: AGUA APTA PARA EL CONSUMO HUMANO | D91: AGUA | E91: 150 | F91: 100.5
A92: TOTAL MENÚ | F92: 2742.02
A94: MENÚ No. | B94: 5
A96: COMPONENTE | B96: GRUPO DE ALIMENTOS | C96: PREPARACIÓN | D96: NOMBRE DEL ALIMENTO (Ingredientes) | E96: PESO BRUTO (g) | F96: VALOR
A98: BEBIDA CON LECHE | B98: GRUPO III. LECHE Y PRODUCTOS LACTEOS | C98: ARROZ CON LECHE Y PANELA | D98: ARROZ BLANCO, PULIDO, CRUDO | E98: 10 | F98: 45.6
B99: OTROS ALIMENTOS PARA LA PREPARACION DE LAS BEBIDAS COMO CEREALES O FRUTAS O CHOCOLATE O PANELA | D99: LECHE DE VACA, ENTERA, EN POLVO | E99: 13 | F99: 493.61
D100: CANELA EN ASTILLAS | E100: 2 | F100: 176.46
A101: ALIMENTO PROTEICO | B101: GRUPO IV. CARNES, HUEVOS, LEGUMINOSAS SECAS, FRUTOS SECOS Y SEMILLAS. | C101: HUEVOS CON BERENJENA | D101: HUEVO DE GALLINA, ENTERO, CRUDO | E101: 55 | F101: 593.45
D102: SAL | E102: 0.1 | F102: 0.19
B103: GRUPO II FRUTA Y VERDURA | D103: BERENJENA, CON CASCARA, CRUDA | E103: 20 | F103: 81.4
A104: CEREAL ACOMPAÑANTE | B104: GRUPO I. CEREALES, RAICES, TUBERCULOS Y PLATANOS. | C104: AREPA ASADA | D104: HARINA DE MAIZ AMARILLO, PRECOCIDA | E104: 35 | F104: 173.95
D105: SAL | E105: 0.1 | F105: 0.19
A106: AZUCARES | B106: GRUPO VI. AZUCARES | C106: PANELA PARA LA BEBIDA CON LECHE | D106: PANELA | E106: 7 | F106: 41.09
A107: GRASAS | B107: GRUPO V. GRASAS | C107: ACEITE PARA LAS PREPARACIONES | D107: ACEITE, MEZCLA VEGETAL | E107: 5 | F107: 62.9
A108: AGUA | B108: AGUA APTA PARA EL CONSUMO HUMANO | D108: AGUA | E108: 150 | F108: 100.5
A109: TOTAL MENÚ | F109: 1769.34
A111: MENÚ No. | B111: 6
A113: COMPONENTE | B113: GRUPO DE ALIMENTOS | C113: PREPARACIÓN | D113: NOMBRE DEL ALIMENTO (Ingredientes) | E113: PESO BRUTO (g) | F113: VALOR
A115: BEBIDA CON LECHE | B115: GRUPO III. LECHE Y PRODUCTOS LACTEOS | C115: AVENA CON LECHE | D115: AVENA EN HOJUELAS, PRECOCIDA | E115: 10 | F115: 86
B116: OTROS ALIMENTOS PARA LA PREPARACION DE LAS BEBIDAS COMO CEREALES O FRUTAS O CHOCOLATE O PANELA | D116: LECHE DE VACA, ENTERA, EN POLVO | E116: 13 | F116: 493.61
D117: CANELA EN ASTILLAS | E117: 2 | F117: 176.46
A118: ALIMENTO PROTEICO | B118: GRUPO IV. CARNES, HUEVOS, LEGUMINOSAS SECAS, FRUTOS SECOS Y SEMILLAS. | C118: HUEVO REVUELTO CON TOMATE Y CEBOLLA | D118: HUEVO DE GALLINA, ENTERO, CRUDO | E118: 55 | F118: 593.45
D119: TOMATE, CRUDO | E119: 10 | F119: 50.9
D120: CEBOLLA CABEZONA, CRUDA | E120: 10 | F120: 50.3
D121: SAL | E121: 0.1 | F121: 0.19
A122: CEREAL ACOMPAÑANTE | B122: GRUPO I. CEREALES, RAICES, TUBERCULOS Y PLATANOS. | C122: YUCA COCIDA | D122: YUCA BLANCA, SIN CASCARA, CRUDA | E122: 50 | F122: 123.5
D123: SAL | E123: 0.1 | F123: 0.19
A124: AZUCARES | B124: GRUPO VI. AZUCARES | C124: AZUCAR PARA LA BEBIDA CON LECHE | D124: AZUCAR BLANCO, GRANULADO | E124: 5 | F124: 25.75
...

Sheet COMPLEMENTO AM-PM NP GDOS 1-3
A1: REPUBLICA DE COLOMBIA
A2: MUNICIPIO DE SAMPUÉS - SUCRE
A3: SECRETARIA DE EDUCACION MUNICIPAL
A4: PROGRAMA DE ALIMENTACIÓN ESCOLAR VIGENCIA 2023 - LEY 715 DE 2001
A6: FORMATO ESTUDIO DE COSTOS
A7: ENTIDAD TERRITORIAL: | C7: SAMPUES
A9: MINUTA CON ENFOQUE ETNICO: | C9: No
A11: GRUPO ÉTNICO
A13: MODALIDAD DE ATENCIÓN | C13: Ración para Preparar en Sitio
A15: TIPO DE COMPLEMENTO | C15: Complemento JM/JT
A17: NIVEL | B17: Primaria:Primero, Segundo y Tercero
A19: MENÚ No. | B19: 1
A21: COMPONENTE | B21: GRUPO DE ALIMENTOS | C21: NOMBRE DE PREPARACIÓN | D21: NOMBRE DEL ALIMENTO (Ingredientes) | E21: PESO BRUTO (g) | F21: VALOR
A23: BEBIDA CON LECHE | B23: GRUPO III. LECHE Y PRODUCTOS LACTEOS. | C23: COLADA DE AVENA CON LECHE | D23: AVENA EN HOJUELAS, PRECOCIDA | E23: 10 | F23: 86
B24: OTROS ALIMENTOS PARA LA PREPARACION DE LAS BEBIDAS COMO CEREALES O FRUTAS O CHOCOLATE O PANELA | D24: LECHE DE VACA, ENTERA, EN POLVO | E24: 13 | F24: 493.61
D25: CANELA EN ASTILLAS | E25: 2 | F25: 176.46
A26: ALIMENTO PROTEÍCO | B26: GRUPO IV. CARNES, HUEVOS, LEGUMINOSAS SECAS, FRUTOS SECOS Y SEMILLAS. | C26: PECHUGA EN CUADRITOS CON VEGETALES | D26: POLLO, PECHUGA CON PIEL, CRUDA | E26: 74 | F26: 1341.62
D27: CEBOLLA CABEZONA, CRUDA | E27: 10 | F27: 50.3
D28: PIMENTON ROJO, CRUDO | E28: 10 | F28: 91.6
D29: ZANAHORIA, SIN CASCARA, CRUDA | E29: 10 | F29: 36.8
D30: AJO | E30: 2 | F30: 24.2
D31: ACHIOTE, SECO | E31: 1 | F31: 8.27
D32: SAL | E32: 0.1 | F32: 0.19
A33: CEREAL ACOMPAÑANTE | B33: GRUPO I. CEREALES, RAICES, TUBERCULOS Y PLATANOS. | C33: PASTAS GUISADAS | D33: PASTA ALIMENTICIA, ENRIQUECIDA, CRUDA | E33: 29 | F33: 216.63
D34: TOMATE, CRUDO | E34: 10 | F34: 50.9
D35: AJO | E35: 2 | F35: 24.2
D36: CEBOLLA CABEZONA, CRUDA | E36: 10 | F36: 50.3
D37: SAL | E37: 0.1 | F37: 0.19
A38: AZUCARES | B38: GRUPO VI. AZUCARES | C38: AZUCAR PARA LA BEBIDA CON LECHE | D38: AZUCAR BLANCO, GRANULADO | E38: 5 | F38: 25.75
A39: GRASAS | B39: GRUPO V. GRASAS | C39: ACEITE PARA LAS PREPARACIONES | D39: ACEITE, MEZCLA VEGETAL | E39: 5 | F39: 62.9
A40: AGUA | B40: AGUA APTA PARA EL CONSUMO HUMANO | D40: AGUA | E40: 150 | F40: 100.5
A41: TOTAL MENÚ | F41: 2840.42
A43: MENÚ No. | B43: 2
A45: COMPONENTE | B45: GRUPO DE ALIMENTOS | C45: PREPARACIÓN | D45: NOMBRE DEL ALIMENTO (Ingredientes) | E45: PESO BRUTO (g) | F45: VALOR
A47: BEBIDA CON LECHE | B47: GRUPO III. LECHE Y PRODUCTOS LACTEOS. OTROS ALIMENTOS PARA LA PREPARACION DE LAS BEBIDAS COMO CEREALES O FRUTAS O CHOCOLATE O PANELA | C47: CHOCOLATE COSTEÑO CON LECHE | D47: CHOCOLATE, EN BOLAS | E47: 10 | F47: 167.7
D48: LECHE DE VACA, ENTERA, EN POLVO | E48: 13 | F48: 493.61
A49: CEREAL ACOMPAÑANTE | B49: GRUPO I. CEREALES, RAICES, TUBERCULOS Y PLATANOS. | C49: ROSCON DE HARINA DE MAIZ | D49: HARINA DE MAIZ AMARILLO, PRECOCIDA | E49: 55 | F49: 273.35
D50: SAL | E50: 0.1 | F50: 0.19
A51: FRUTA | B51: GRUPO II FRUTA Y VERDURA | C51: BANANO | D51: BANANO COMUN, CRUDO | E51: 158 | F51: 368.14
A52: AZUCARES | B52: GRUPO VI. AZUCARES | C52: AZUCAR PARA LA BEBIDA CON LECHE | D52: AZUCAR BLANCO, GRANULADO | E52: 5 | F52: 25.75
A53: GRASAS | B53: GRUPO V. GRASAS | C53: ACEITE PARA LAS PREPARACIONES | D53: ACEITE, MEZCLA VEGETAL | E53: 7 | F53: 88.06
A54: AGUA | B54: AGUA APTA PARA EL CONSUMO HUMANO | D54: AGUA | E54: 150 | F54: 100.5
A55: TOTAL MENÚ | F55: 1517.3
A57: MENÚ No. | B57: 3
A59: COMPONENTE | B59: GRUPO DE ALIMENTOS | C59: PREPARACIÓN | D59: NOMBRE DEL ALIMENTO (Ingredientes) | E59: PESO BRUTO (g) | F59: VALOR
A61: BEBIDA CON LECHE | B61: GRUPO III. LECHE Y PRODUCTOS LACTEOS | C61: COLADA DE FECULA DE MAIZ CON LECHE | D61: ALMIDON DE MAIZ, CRUDO | E61: 10 | F61: 363
B62: OTROS ALIMENTOS PARA LA PREPARACION DE LAS BEBIDAS COMO CEREALES O FRUTAS O CHOCOLATE O PANELA | D62: LECHE DE VACA, ENTERA, EN POLVO | E62: 13 | F62: 493.61
D63: CANELA EN ASTILLAS | E63: 2 | F63: 176.46
A64: ALIMENTO PROTEICO | B64: GRUPO IV. CARNES, HUEVOS, LEGUMINOSAS SECAS, FRUTOS SECOS Y SEMILLAS. | C64: CARNE DE RES GUISADA CON VERDURAS | D64: RES, CARNE MAGRA, CRUDA | E64: 70 | F64: 2118.9
D65: CEBOLLA CABEZONA, CRUDA | E65: 10 | F65: 50.3
D66: CEBOLLA JUNCA, TALLOS, CRUDA | E66: 10 | F66: 24.6
D67: AJO | E67: 2 | F67: 24.2
D68: PIMENTON ROJO, CRUDO | E68: 10 | F68: 91.6
D69: ZANAHORIA, SIN CASCARA, CRUDA | E69: 10 | F69: 36.8
D70: ACHIOTE, SECO | E70: 1 | F70: 8.27
D71: SAL | E71: 0.1 | F71: 0.19
A72: CEREAL ACOMPAÑANTE | B72: GRUPO I. CEREALES, RAICES, TUBERCULOS Y PLATANOS. | C72: ARROZ CON CEBOLLA | D72: ARROZ BLANCO, PULIDO, CRUDO | E72: 28.05 | F72: 127.908
D73: CEBOLLA CABEZONA, CRUDA | E73: 10 | F73: 50.3
D74: AJO | E74: 2 | F74: 24.2
D75: SAL | E75: 0.1 | F75: 0.19
A76: AZUCARES | B76: GRUPO VI. AZUCARES | C76: AZUCAR PARA LA BEBIDA CON LECHE | D76: AZUCAR BLANCO, GRANULADO | E76: 5 | F76: 25.75
A77: GRASAS | B77: GRUPO V. GRASAS | C77: ACEITE PARA LAS PREPARACIONES | D77: ACEITE, MEZCLA VEGETAL | E77: 3 | F77: 37.74
A78: AGUA | B78: AGUA APTA PARA EL CONSUMO HUMANO | D78: AGUA | E78: 150 | F78: 100.5
A79: TOTAL MENÚ | F79: 3754.52
A81: MENÚ No. | B81: 4
A83: COMPONENTE | B83: GRUPO DE ALIMENTOS | C83: PREPARACIÓN | D83: NOMBRE DEL ALIMENTO (Ingredientes) | E83: PESO BRUTO (g) | F83: VALOR
A85: BEBIDA CON LECHE | B85: GRUPO III. LECHE Y PRODUCTOS LACTEOS | C85: COLADA DE CUCHUCO DE MAIZ CON LECHE | D85: MAIZ AMARILLO, TRILLADO | E85: 10 | F85: 44
B86: OTROS ALIMENTOS PARA LA PREPARACION DE LAS BEBIDAS COMO CEREALES O FRUTAS O CHOCOLATE O PANELA | D86: LECHE DE VACA, ENTERA, EN POLVO | E86: 13 | F86: 493.61
D87: CANELA EN ASTILLAS | E87: 2 | F87: 176.46
A88: CEREAL ACOMPAÑANTE | B88: GRUPO I. CEREALES, RAICES, TUBERCULOS Y PLATANOS. | C88: ROSCÓN DE BOCADILLO | D88: ROSCON DE BOCADILLO X 50 G | E88: 50 | F88: 850
A89: FRUTA | B89: GRUPO II FRUTA Y VERDURA | C89: MANZANA | D89: MANZANA COMUN, CRUDA | E89: 130 | F89: 1671.8
A90: AZUCARES | B90: GRUPO VI. AZUCARES | C90: AZUCAR PARA LA BEBIDA CON LECHE | D90: AZUCAR BLANCO, GRANULADO | E90: 5 | F90: 25.75
A91: AGUA | B91: AGUA APTA PARA EL CONSUMO HUMANO | D91: AGUA | E91: 150 | F91: 100.5
A92: TOTAL MENÚ | F92: 3362.12
A94: MENÚ No. | B94: 5
A96: COMPONENTE | B96: GRUPO DE ALIMENTOS | C96: PREPARACIÓN | D96: NOMBRE DEL ALIMENTO (Ingredientes) | E96: PESO BRUTO (g) | F96: VALOR
A98: BEBIDA CON LECHE | B98: GRUPO III. LECHE Y PRODUCTOS LACTEOS | C98: ARROZ CON LECHE Y PANELA | D98: ARROZ BLANCO, PULIDO, CRUDO | E98: 10 | F98: 45.6
B99: OTROS ALIMENTOS PARA LA PREPARACION DE LAS BEBIDAS COMO CEREALES O FRUTAS O CHOCOLATE O PANELA | D99: LECHE DE VACA, ENTERA, EN POLVO | E99: 13 | F99: 493.61
D100: CANELA EN ASTILLAS | E100: 2 | F100: 176.46
A101: ALIMENTO PROTEICO | B101: GRUPO IV. CARNES, HUEVOS, LEGUMINOSAS SECAS, FRUTOS SECOS Y SEMILLAS. | C101: HUEVOS CON BERENJENA | D101: HUEVO DE GALLINA, ENTERO, CRUDO | E101: 55 | F101: 593.45
D102: SAL | E102: 0.1 | F102: 0.19
B103: GRUPO II FRUTA Y VERDURA | D103: BERENJENA, CON CASCARA, CRUDA | E103: 20 | F103: 81.4
A104: CEREAL ACOMPAÑANTE | B104: GRUPO I. CEREALES, RAICES, TUBERCULOS Y PLATANOS. | C104: AREPA ASADA | D104: HARINA DE MAIZ AMARILLO, PRECOCIDA | E104: 55 | F104: 273.35
D105: SAL | E105: 0.1 | F105: 0.19
A106: AZUCARES | B106: GRUPO VI. AZUCARES | C106: PANELA PARA LA BEBIDA CON LECHE | D106: PANELA | E106: 7 | F106: 41.09
A107: GRASAS | B107: GRUPO V. GRASAS | C107: ACEITE PARA LAS PREPARACIONES | D107: ACEITE, MEZCLA VEGETAL | E107: 5 | F107: 62.9
A108: AGUA | B108: AGUA APTA PARA EL CONSUMO HUMANO | D108: AGUA | E108: 150 | F108: 100.5
A109: TOTAL MENÚ | F109: 1868.74
A111: MENÚ No. | B111: 6
A113: COMPONENTE | B113: GRUPO DE ALIMENTOS | C113: PREPARACIÓN | D113: NOMBRE DEL ALIMENTO (Ingredientes) | E113: PESO BRUTO (g) | F113: VALOR
A115: BEBIDA CON LECHE | B115: GRUPO III. LECHE Y PRODUCTOS LACTEOS | C115: AVENA CON LECHE | D115: AVENA EN HOJUELAS, PRECOCIDA | E115: 10 | F115: 86
B116: OTROS ALIMENTOS PARA LA PREPARACION DE LAS BEBIDAS COMO CEREALES O FRUTAS O CHOCOLATE O PANELA | D116: LECHE DE VACA, ENTERA, EN POLVO | E116: 13 | F116: 493.61
D117: CANELA EN ASTILLAS | E117: 2 | F117: 176.46
A118: ALIMENTO PROTEICO | B118: GRUPO IV. CARNES, HUEVOS, LEGUMINOSAS SECAS, FRUTOS SECOS Y SEMILLAS. | C118: HUEVO REVUELTO CON TOMATE Y CEBOLLA | D118: HUEVO DE GALLINA, ENTERO, CRUDO | E118: 55 | F118: 593.45
D119: CEBOLLA CABEZONA, CRUDA | E119: 10 | F119: 50.3
D120: TOMATE, CRUDO | E120: 10 | F120: 50.9
D121: SAL | E121: 0.1 | F121: 0.19
A122: CEREAL ACOMPAÑANTE | B122: GRUPO I. CEREALES, RAICES, TUBERCULOS Y PLATANOS. | C122: YUCA COCIDA | D122: YUCA BLANCA, SIN CASCARA, CRUDA | E122: 75 | F122: 185.25
D123: SAL | E123: 0.1 | F123: 0.19
A124: AZUCARES | B124: GRUPO VI. AZUCARES | C124: AZUCAR PARA LA BEBIDA CON LECHE | D124: AZUCAR BLANCO, GRANULADO | E124: 5 | F124: 25.75
...

Sheet COMPLEMENTO AM-PM NP GDOS 4-5
A1: REPUBLICA DE COLOMBIA
A2: MUNICIPIO DE SAMPUÉS - SUCRE
A3: SECRETARIA DE EDUCACION MUNICIPAL
A4: PROGRAMA DE ALIMENTACIÓN ESCOLAR VIGENCIA 2023 - LEY 715 DE 2001
A6: FORMATO ESTUDIO DE COSTOS
A7: ENTIDAD TERRITORIAL: | C7: SAMPUES
A9: MINUTA CON ENFOQUE ETNICO: | C9: No
A11: GRUPO ÉTNICO
A13: MODALIDAD DE ATENCIÓN | C13: Ración para Preparar en Sitio
A15: TIPO DE COMPLEMENTO | C15: Complemento JM/JT
A17: NIVEL | B17: Primaria:Cuarto y Quinto
A19: MENÚ No. | B19: 1
A21: COMPONENTE | B21: GRUPO DE ALIMENTOS | C21: NOMBRE DE PREPARACIÓN | D21: NOMBRE DEL ALIMENTO (Ingredientes) | E21: PESO BRUTO (g) | F21: VALOR
A23: BEBIDA CON LECHE | B23: GRUPO III. LECHE Y PRODUCTOS LACTEOS. | C23: COLADA DE AVENA CON LECHE | D23: AVENA EN HOJUELAS, PRECOCIDA | E23: 10 | F23: 86
B24: OTROS ALIMENTOS PARA LA PREPARACION DE LAS BEBIDAS COMO CEREALES O FRUTAS O CHOCOLATE O PANELA | D24: LECHE DE VACA, ENTERA, EN POLVO | E24: 13 | F24: 493.61
D25: CANELA EN ASTILLAS | E25: 2 | F25: 176.46
A26: ALIMENTO PROTEÍCO | B26: GRUPO IV. CARNES, HUEVOS, LEGUMINOSAS SECAS, FRUTOS SECOS Y SEMILLAS. | C26: PECHUGA EN CUADRITOS CON VEGETALES | D26: POLLO, PECHUGA CON PIEL, CRUDA | E26: 88.8 | F26: 1609.944
D27: CEBOLLA CABEZONA, CRUDA | E27: 10 | F27: 50.3
D28: PIMENTON ROJO, CRUDO | E28: 10 | F28: 91.6
D29: ZANAHORIA, SIN CASCARA, CRUDA | E29: 10 | F29: 36.8
D30: AJO | E30: 4 | F30: 48.4
D31: ACHIOTE, SECO | E31: 1 | F31: 8.27
D32: SAL | E32: 0.1 | F32: 0.19
A33: CEREAL ACOMPAÑANTE | B33: GRUPO I. CEREALES, RAICES, TUBERCULOS Y PLATANOS. | C33: PASTAS GUISADAS | D33: PASTA ALIMENTICIA, ENRIQUECIDA, CRUDA | E33: 46 | F33: 343.62
D34: TOMATE, CRUDO | E34: 10 | F34: 50.9
D35: AJO | E35: 4 | F35: 48.4
D36: CEBOLLA CABEZONA, CRUDA | E36: 10 | F36: 50.3
D37: SAL | E37: 0.1 | F37: 0.19
A38: AZUCARES | B38: GRUPO VI. AZUCARES | C38: AZUCAR PARA LA BEBIDA CON LECHE | D38: AZUCAR BLANCO, GRANULADO | E38: 5 | F38: 25.75
A39: GRASAS | B39: GRUPO V. GRASAS | C39: ACEITE PARA LAS PREPARACIONES | D39: ACEITE, MEZCLA VEGETAL | E39: 5 | F39: 62.9
A40: AGUA | B40: AGUA APTA PARA EL CONSUMO HUMANO | D40: AGUA | E40: 180 | F40: 120.6
A41: TOTAL MENÚ | F41: 3304.23
A43: MENÚ No. | B43: 2
A45: COMPONENTE | B45: GRUPO DE ALIMENTOS | C45: PREPARACIÓN | D45: NOMBRE DEL ALIMENTO (Ingredientes) | E45: PESO BRUTO (g) | F45: VALOR
A47: BEBIDA CON LECHE | B47: GRUPO III. LECHE Y PRODUCTOS LACTEOS | C47: CHOCOLATE COSTEÑO CON LECHE | D47: CHOCOLATE, EN BOLAS | E47: 10 | F47: 167.7
B48: OTROS ALIMENTOS PARA LA PREPARACION DE LAS BEBIDAS COMO CEREALES O FRUTAS O CHOCOLATE O PANELA | D48: LECHE DE VACA, ENTERA, EN POLVO | E48: 13 | F48: 493.61
A49: CEREAL ACOMPAÑANTE | B49: GRUPO I. CEREALES, RAICES, TUBERCULOS Y PLATANOS. | C49: ROSCON DE HARINA DE MAIZ | D49: HARINA DE MAIZ AMARILLO, PRECOCIDA | E49: 70 | F49: 347.9
D50: SAL | E50: 0.1 | F50: 0.19
A51: FRUTA | B51: GRUPO II FRUTA Y VERDURA | C51: BANANO | D51: BANANO COMUN, CRUDO | E51: 158 | F51: 368.14
A52: AZUCARES | B52: GRUPO VI. AZUCARES | C52: AZUCAR PARA LA BEBIDA CON LECHE | D52: AZUCAR BLANCO, GRANULADO | E52: 5 | F52: 25.75
A53: GRASAS | B53: GRUPO V. GRASAS | C53: ACEITE PARA LAS PREPARACIONES | D53: ACEITE, MEZCLA VEGETAL | E53: 10 | F53: 125.8
A54: AGUA | B54: AGUA APTA PARA EL CONSUMO HUMANO | D54: AGUA | E54: 180 | F54: 120.6
A55: TOTAL MENÚ | F55: 1649.69
A57: MENÚ No. | B57: 3
A59: COMPONENTE | B59: GRUPO DE ALIMENTOS | C59: PREPARACIÓN | D59: NOMBRE DEL ALIMENTO (Ingredientes) | E59: PESO BRUTO (g) | F59: VALOR
A61: BEBIDA CON LECHE | B61: GRUPO III. LECHE Y PRODUCTOS LACTEOS | C61: COLADA DE FECULA DE MAIZ CON LECHE | D61: ALMIDON DE MAIZ, CRUDO | E61: 10 | F61: 363
B62: OTROS ALIMENTOS PARA LA PREPARACION DE LAS BEBIDAS COMO CEREALES O FRUTAS O CHOCOLATE O PANELA | D62: LECHE DE VACA, ENTERA, EN POLVO | E62: 13 | F62: 493.61
D63: CANELA EN ASTILLAS | E63: 2 | F63: 176.46
A64: ALIMENTO PROTEICO | B64: GRUPO IV. CARNES, HUEVOS, LEGUMINOSAS SECAS, FRUTOS SECOS Y SEMILLAS. | C64: CARNE DE RES GUISADA CON VERDURAS | D64: RES, CARNE MAGRA, CRUDA | E64: 84 | F64: 2542.68
D65: CEBOLLA CABEZONA, CRUDA | E65: 10 | F65: 50.3
D66: CEBOLLA JUNCA, TALLOS, CRUDA | E66: 10 | F66: 24.6
D67: AJO | E67: 4 | F67: 48.4
D68: PIMENTON ROJO, CRUDO | E68: 10 | F68: 91.6
D69: ZANAHORIA, SIN CASCARA, CRUDA | E69: 10 | F69: 36.8
D70: ACHIOTE, SECO | E70: 1 | F70: 8.27
D71: SAL | E71: 0.1 | F71: 0.19
A72: CEREAL ACOMPAÑANTE | B72: GRUPO I. CEREALES, RAICES, TUBERCULOS Y PLATANOS. | C72: ARROZ CON CEBOLLA | D72: ARROZ BLANCO, PULIDO, CRUDO | E72: 48.45 | F72: 220.932
D73: CEBOLLA CABEZONA, CRUDA | E73: 10 | F73: 50.3
D74: AJO | E74: 4 | F74: 48.4
D75: SAL | E75: 0.1 | F75: 0.19
A76: AZUCARES | B76: GRUPO VI. AZUCARES | C76: AZUCAR PARA LA BEBIDA CON LECHE | D76: AZUCAR BLANCO, GRANULADO | E76: 5 | F76: 25.75
A77: GRASAS | B77: GRUPO V. GRASAS | C77: ACEITE PARA LAS PREPARACIONES | D77: ACEITE, MEZCLA VEGETAL | E77: 5 | F77: 62.9
A78: AGUA | B78: AGUA APTA PARA EL CONSUMO HUMANO | D78: AGUA | E78: 180 | F78: 120.6
A79: TOTAL MENÚ | F79: 4364.98
A81: MENÚ No. | B81: 4
A83: COMPONENTE | B83: GRUPO DE ALIMENTOS | C83: PREPARACIÓN | D83: NOMBRE DEL ALIMENTO (Ingredientes) | E83: PESO BRUTO (g) | F83: VALOR
A85: BEBIDA CON LECHE | B85: GRUPO III. LECHE Y PRODUCTOS LACTEOS | C85: COLADA DE CUCHUCO DE MAIZ CON LECHE | D85: MAIZ AMARILLO, TRILLADO | E85: 10 | F85: 44
B86: OTROS ALIMENTOS PARA LA PREPARACION DE LAS BEBIDAS COMO CEREALES O FRUTAS O CHOCOLATE O PANELA | D86: LECHE DE VACA, ENTERA, EN POLVO | E86: 13 | F86: 493.61
D87: CANELA EN ASTILLAS | E87: 2 | F87: 176.46
A88: CEREAL ACOMPAÑANTE | B88: GRUPO I. CEREALES, RAICES, TUBERCULOS Y PLATANOS. | C88: ROSCÓN DE BOCADILLO | D88: ROSCON DE BOCADILLO X 60 G | E88: 60 | F88: 1020
A89: FRUTA | B89: GRUPO II FRUTA Y VERDURA | C89: MANZANA | D89: MANZANA COMUN, CRUDA | E89: 130 | F89: 1671.8
A90: AZUCARES | B90: GRUPO VI. AZUCARES | C90: AZUCAR PARA LA BEBIDA CON LECHE | D90: AZUCAR BLANCO, GRANULADO | E90: 5 | F90: 25.75
A91: AGUA | B91: AGUA APTA PARA EL CONSUMO HUMANO | D91: AGUA | E91: 180 | F91: 120.6
A92: TOTAL MENÚ | F92: 3552.22
A94: MENÚ No. | B94: 5
A96: COMPONENTE | B96: GRUPO DE ALIMENTOS | C96: PREPARACIÓN | D96: NOMBRE DEL ALIMENTO (Ingredientes) | E96: PESO BRUTO (g) | F96: VALOR
A98: BEBIDA CON LECHE | B98: GRUPO III. LECHE Y PRODUCTOS LACTEOS | C98: ARROZ CON LECHE Y PANELA | D98: ARROZ BLANCO, PULIDO, CRUDO | E98: 10 | F98: 45.6
B99: OTROS ALIMENTOS PARA LA PREPARACION DE LAS BEBIDAS COMO CEREALES O FRUTAS O CHOCOLATE O PANELA | D99: LECHE DE VACA, ENTERA, EN POLVO | E99: 13 | F99: 493.61
D100: CANELA EN ASTILLAS | E100: 2 | F100: 176.46
A101: ALIMENTO PROTEICO | B101: GRUPO IV. CARNES, HUEVOS, LEGUMINOSAS SECAS, FRUTOS SECOS Y SEMILLAS. | C101: HUEVOS CON BERENJENA | D101: HUEVO DE GALLINA, ENTERO, CRUDO | E101: 55 | F101: 593.45
D102: SAL | E102: 0.1 | F102: 0.19
B103: GRUPO II FRUTA Y VERDURA | D103: BERENJENA, CON CASCARA, CRUDA | E103: 20 | F103: 81.4
A104: CEREAL ACOMPAÑANTE | B104: GRUPO I. CEREALES, RAICES, TUBERCULOS Y PLATANOS. | C104: AREPA ASADA | D104: HARINA DE MAIZ AMARILLO, PRECOCIDA | E104: 70 | F104: 347.9
D105: SAL | E105: 0.1 | F105: 0.19
A106: AZUCARES | B106: GRUPO VI. AZUCARES | C106: PANELA PARA LA BEBIDA CON LECHE | D106: PANELA | E106: 7 | F106: 41.09
A107: GRASAS | B107: GRUPO V. GRASAS | C107: ACEITE PARA LAS PREPARACIONES | D107: ACEITE, MEZCLA VEGETAL | E107: 5 | F107: 62.9
A108: AGUA | B108: AGUA APTA PARA EL CONSUMO HUMANO | D108: AGUA | E108: 180 | F108: 120.6
A109: TOTAL MENÚ | F109: 1963.39
A111: MENÚ No. | B111: 6
A113: COMPONENTE | B113: GRUPO DE ALIMENTOS | C113: PREPARACIÓN | D113: NOMBRE DEL ALIMENTO (Ingredientes) | E113: PESO BRUTO (g) | F113: VALOR
A115: BEBIDA CON LECHE | B115: GRUPO III. LECHE Y PRODUCTOS LACTEOS | C115: AVENA CON LECHE | D115: AVENA EN HOJUELAS, PRECOCIDA | E115: 10 | F115: 86
B116: OTROS ALIMENTOS PARA LA PREPARACION DE LAS BEBIDAS COMO CEREALES O FRUTAS O CHOCOLATE O PANELA | D116: LECHE DE VACA, ENTERA, EN POLVO | E116: 13 | F116: 493.61
D117: CANELA EN ASTILLAS | E117: 2 | F117: 176.46
A118: ALIMENTO PROTEICO | B118: GRUPO IV. CARNES, HUEVOS, LEGUMINOSAS SECAS, FRUTOS SECOS Y SEMILLAS. | C118: HUEVO REVUELTO CON TOMATE Y CEBOLLA | D118: HUEVO DE GALLINA, ENTERO, CRUDO | E118: 55 | F118: 593.45
D119: CEBOLLA CABEZONA, CRUDA | E119: 10 | F119: 50.3
D120: TOMATE, CRUDO | E120: 10 | F120: 50.9
D121: SAL | E121: 0.1 | F121: 0.19
A122: CEREAL ACOMPAÑANTE | B122: GRUPO I. CEREALES, RAICES, TUBERCULOS Y PLATANOS. | C122: YUCA COCIDA | D122: YUCA BLANCA, SIN CASCARA, CRUDA | E122: 106 | F122: 261.82
D123: SAL | E123: 0.1 | F123: 0.19
A124: AZUCARES | B124: GRUPO VI. AZUCARES | C124: AZUCAR PARA LA BEBIDA CON LECHE | D124: AZUCAR BLANCO, GRANULADO | E124: 5 | F124: 25.75
...

Sheet COMPLEMENTO RI NI PREESC
A1: REPUBLICA DE COLOMBIA
A2: MUNICIPIO DE SAMPUÉS - SUCRE
A3: SECRETARIA DE EDUCACION MUNICIPAL
A4: PROGRAMA DE ALIMENTACIÓN ESCOLAR VIGENCIA 2023 - LEY 715 DE 2001
A6: FORMATO ESTUDIO DE COSTOS
A7: ENTIDAD TERRITORIAL: | C7: SAMPUES
A9: MINUTA CON ENFOQUE ETNICO: | C9: No
A11: GRUPO ÉTNICO
A13: MODALIDAD DE ATENCIÓN | C13: Ración Industrializada
A15: TIPO DE COMPLEMENTO | C15: Complemento JM/JT
A17: NIVEL | B17: Preescolar
A19: MENÚ No. | B19: 1
A21: COMPONENTE | B21: GRUPO DE ALIMENTOS | C21: NOMBRE DE PREPARACIÓN | D21: NOMBRE DEL ALIMENTO (Ingredientes) | E21: PESO BRUTO (g) | F21: VALOR
A23: LECHE Y PRODUCTOS LACTEOS | B23: GRUPO III. LECHE Y PRODUCTOS LACTEOS. | C23: LEHE SABORIZADA UHT | D23: LECHE DE VACA, ENTERA, PASTEURIZADA, SABORIZADA | E23: 200 | F23: 1206
A24: CEREAL ACOMPAÑANTE | B24: GRUPO I. CEREALES, RAICES, TUBERCULOS Y PLATANOS. | C24: GALLETA PUNTO ROJO | D24: GALLETA PUNTO ROJO X 30 G | E24: 30 | F24: 380.1
A25: FRUTA | B25: GRUPO II. FRUTA Y VERDURA | C25: PERA | D25: PERA, CRUDA | E25: 118 | F25: 1675.6
A26: TOTAL MENÚ | F26: 3261.7
A28: MENÚ No. | B28: 2
A30: COMPONENTE | B30: GRUPO DE ALIMENTOS | C30: PREPARACIÓN | D30: NOMBRE DEL ALIMENTO (Ingredientes) | E30: PESO BRUTO (g) | F30: VALOR
A32: LECHE Y PRODUCTOS LACTEOS | B32: GRUPO III. LECHE Y PRODUCTOS LACTEOS. | C32: AVENA UHT | D32: BEBIDA CON LECHE Y AVENA, PASTEURIZADA, SABOR NATURAL | E32: 200 | F32: 1414
A33: CEREAL ACOMPAÑANTE | B33: GRUPO I. CEREALES, RAICES, TUBERCULOS Y PLATANOS. | C33: PAN DE QUESO | D33: PAN DE QUESO X 40 G | E33: 40 | F33: 897.6
A34: POSTRE | B34: GRUPO VI. AZUCARES | C34: BOCADILLO | D34: BOCADILLO O DULCE DE GUAYAYABA TRADICIONAL X 20 G | E34: 20 | F34: 406.6
A35: TOTAL MENÚ | F35: 2718.2
A37: MENÚ No. | B37: 3
A39: COMPONENTE | B39: GRUPO DE ALIMENTOS | C39: PREPARACIÓN | D39: NOMBRE DEL ALIMENTO (Ingredientes) | E39: PESO BRUTO (g) | F39: VALOR
A41: LECHE Y PRODUCTOS LACTEOS | B41: GRUPO III. LECHE Y PRODUCTOS LACTEOS. | C41: LEHE ENTERA UHT | D41: LECHE DE VACA, ENTERA, PASTEURIZADA | E41: 200 | F41: 1134
A42: CEREAL ACOMPAÑANTE | B42: GRUPO I. CEREALES, RAICES, TUBERCULOS Y PLATANOS. | C42: MUFFIN | D42: MUFFIN X 30 G | E42: 30 | F42: 594.9
A43: FRUTA | B43: GRUPO II FRUTA Y VERDURA | C43: BANANO | D43: BANANO COMUN, CRUDO | E43: 143 | F43: 333.19
A44: TOTAL MENÚ | F44: 2062.09
A46: MENÚ No. | B46: 4
A48: COMPONENTE | B48: GRUPO DE ALIMENTOS | C48: PREPARACIÓN | D48: NOMBRE DEL ALIMENTO (Ingredientes) | E48: PESO BRUTO (g) | F48: VALOR
A50: LECHE Y PRODUCTOS LACTEOS | B50: GRUPO III. LECHE Y PRODUCTOS LACTEOS. | C50: AVENA UHT | D50: BEBIDA CON LECHE Y AVENA, PASTEURIZADA, SABOR NATURAL | E50: 200 | F50: 1414
A51: CEREAL ACOMPAÑANTE | B51: GRUPO I. CEREALES, RAICES, TUBERCULOS Y PLATANOS. | C51: CROISSANT | D51: CROISSANT X 40 G | E51: 40 | F51: 696.8
A52: POSTRE | B52: GRUPO VI. AZUCARES | C52: LECHE CONDENSADA | D52: LECHE CONDENSADA X 20 G | E52: 20 | F52: 479.6
A53: TOTAL MENÚ | F53: 2590.4
A55: MENÚ No. | B55: 5
A57: COMPONENTE | B57: GRUPO DE ALIMENTOS | C57: PREPARACIÓN | D57: NOMBRE DEL ALIMENTO (Ingredientes) | E57: PESO BRUTO (g) | F57: VALOR
A59: LECHE Y PRODUCTOS LACTEOS | B59: GRUPO III. LECHE Y PRODUCTOS LACTEOS. | C59: LEHE SABORIZADA UHT | D59: LECHE DE VACA, ENTERA, PASTEURIZADA, SABORIZADA | E59: 200 | F59: 1206
A60: CEREAL ACOMPAÑANTE | B60: GRUPO I. CEREALES, RAICES, TUBERCULOS Y PLATANOS. | C60: ROSCÓN DE BOCADILLO | D60: ROSCON DE BOCADILLO X 40 G | E60: 40 | F60: 680
A61: FRUTA | B61: GRUPO II. FRUTA Y VERDURA | C61: MANZANA | D61: MANZANA COMUN, CRUDA | E61: 118 | F61: 1517.48
A62: TOTAL MENÚ | F62: 3403.48
A64: MENÚ No. | B64: 6
A66: COMPONENTE | B66: GRUPO DE ALIMENTOS | C66: PREPARACIÓN | D66: NOMBRE DEL ALIMENTO (Ingredientes) | E66: PESO BRUTO (g) | F66: VALOR
A68: LECHE Y PRODUCTOS LACTEOS | B68: GRUPO III. LECHE Y PRODUCTOS LACTEOS. | C68: AVENA UHT | D68: BEBIDA CON LECHE Y AVENA, PASTEURIZADA, SABOR NATURAL | E68: 200 | F68: 1414
A69: CEREAL ACOMPAÑANTE | B69: GRUPO I. CEREALES, RAICES, TUBERCULOS Y PLATANOS. | C69: GALLETA SABOR A CHOCOLATE | D69: GALLETA SABOR A CHOCOLATE X 30 G | E69: 30 | F69: 478.2
A70: FRUTA | B70: GRUPO II FRUTA Y VERDURA | C70: MANDARINA | D70: MANDARINA, CRUDA | E70: 143 | F70: 896.61
A71: TOTAL MENÚ | F71: 2788.81
A73: MENÚ No. | B73: 7
A75: COMPONENTE | B75: GRUPO DE ALIMENTOS | C75: PREPARACIÓN | D75: NOMBRE DEL ALIMENTO (Ingredientes) | E75: PESO BRUTO (g) | F75: VALOR
A77: LECHE Y PRODUCTOS LACTEOS | B77: GRUPO III. LECHE Y PRODUCTOS LACTEOS. | C77: LECHE SABORIZADA UHT | D77: LECHE DE VACA, ENTERA, PASTEURIZADA, SABORIZADA | E77: 200 | F77: 1206
A78: CEREAL ACOMPAÑANTE | B78: GRUPO I. CEREALES, RAICES, TUBERCULOS Y PLATANOS. | C78: PAN DE QUESO | D78: PAN DE QUESO X 40 G | E78: 40 | F78: 897.6
A79: POSTRE | B79: GRUPO VI. AZUCARES | C79: AREQUIPE | D79: AREQUIPE O DULCE DE LECHE X 20 G | E79: 20 | F79: 392.6
A80: TOTAL MENÚ | F80: 2496.2
A82: MENÚ No. | B82: 8
A84: COMPONENTE | B84: GRUPO DE ALIMENTOS | C84: PREPARACIÓN | D84: NOMBRE DEL ALIMENTO (Ingredientes) | E84: PESO BRUTO (g) | F84: VALOR
A86: LECHE Y PRODUCTOS LACTEOS | B86: GRUPO III. LECHE Y PRODUCTOS LACTEOS. | C86: LECHE ENTERA UHT | D86: LECHE DE VACA, ENTERA, PASTEURIZADA | E86: 200 | F86: 1134
A87: CEREAL ACOMPAÑANTE | B87: GRUPO I. CEREALES, RAICES, TUBERCULOS Y PLATANOS. | C87: CROISSANT | D87: CROISSANT X 40 G | E87: 40 | F87: 696.8
A88: FRUTA | B88: GRUPO II FRUTA Y VERDURA | C88: MANZANA | D88: MANZANA COMUN, CRUDA | E88: 118 | F88: 1517.48
A89: TOTAL MENÚ | F89: 3348.28
A91: MENÚ No. | B91: 9
A93: COMPONENTE | B93: GRUPO DE ALIMENTOS | C93: PREPARACIÓN | D93: NOMBRE DEL ALIMENTO (Ingredientes) | E93: PESO BRUTO (g) | F93: VALOR
A95: LECHE Y PRODUCTOS LACTEOS | B95: GRUPO III. LECHE Y PRODUCTOS LACTEOS. | C95: AVENA UHT | D95: BEBIDA CON LECHE Y AVENA, PASTEURIZADA, SABOR NATURAL | E95: 200 | F95: 1414
A96: CEREAL ACOMPAÑANTE | B96: GRUPO I. CEREALES, RAICES, TUBERCULOS Y PLATANOS. | C96: PAN DE LECHE | D96: PAN DE LECHE X 40 G | E96: 40 | F96: 791.2
A97: POSTRE | B97: GRUPO VI. AZUCARES | C97: PANELITA | D97: PANELITA DE LECHE X 20 G | E97: 20 | F97: 356.6
A98: TOTAL MENÚ | F98: 2561.8
A100: MENÚ No. | B100: 10
A102: COMPONENTE | B102: GRUPO DE ALIMENTOS | C102: PREPARACIÓN | D102: NOMBRE DEL ALIMENTO (Ingredientes) | E102: PESO BRUTO (g) | F102: VALOR
A104: LECHE Y PRODUCTOS LACTEOS | B104: GRUPO III. LECHE Y PRODUCTOS LACTEOS. | C104: LECHE ENTERA UHT | D104: LECHE DE VACA, ENTERA, PASTEURIZADA | E104: 200 | F104: 1134
A105: CEREAL ACOMPAÑANTE | B105: GRUPO I. CEREALES, RAICES, TUBERCULOS Y PLATANOS. | C105: ROSCON DE BOCADILLO | D105: ROSCON DE BOCADILLO X 40 G | E105: 40 | F105: 680
A106: FRUTA | B106: GRUPO II FRUTA Y VERDURA | C106: NARANJA | D106: NARANJA, CRUDA | E106: 167 | F106: 447.56
A107: TOTAL MENÚ | F107: 2261.56
A108: GRAN TOTAL | F108: 27492.52
A109: PROMEDIO NIVEL PREESCOLAR | F109: 2749.25
A110: PROMEDIO TOTAL COMPLEMENTOS RI | F110: 3060.12
A111: TOTAL PESO BRUTO KILO NIVEL PREESCOLAR | F111: 3.26
A112: PROMEDIO PESO BRUTO TOTAL COMPLEMENTO RI | F112: 3.48

Sheet COMPLEMENTO RI NP GDOS 1-3
A1: REPUBLICA DE COLOMBIA
A2: MUNICIPIO DE SAMPUÉS - SUCRE
A3: SECRETARIA DE EDUCACION MUNICIPAL
A4: PROGRAMA DE ALIMENTACIÓN ESCOLAR VIGENCIA 2023 - LEY 715 DE 2001
A6: FORMATO ESTUDIO DE COSTOS
A7: ENTIDAD TERRITORIAL: | C7: SAMPUES
A9: MINUTA CON ENFOQUE ETNICO: | C9: No
A11: GRUPO ÉTNICO
A13: MODALIDAD DE ATENCIÓN | C13: Ración Industrializada
A15: TIPO DE COMPLEMENTO | C15: Complemento JM/JT
A17: NIVEL | B17: Primaria:Primero, Segundo y Tercero
A19: MENÚ No. | B19: 1
A21: COMPONENTE | B21: GRUPO DE ALIMENTOS | C21: NOMBRE DE PREPARACIÓN | D21: NOMBRE DEL ALIMENTO (Ingredientes) | E21: PESO BRUTO (g) | F21: VALOR
A23: LECHE Y PRODUCTOS LACTEOS | B23: GRUPO III. LECHE Y PRODUCTOS LACTEOS. | C23: LEHE SABORIZADA UHT | D23: LECHE DE VACA, ENTERA, PASTEURIZADA, SABORIZADA | E23: 200 | F23: 1206
A24: CEREAL ACOMPAÑANTE | B24: GRUPO I. CEREALES, RAICES, TUBERCULOS Y PLATANOS. | C24: GALLETA PUNTO ROJO | D24: GALLETA PUNTO ROJO X 50 G | E24: 50 | F24: 633.5
A25: FRUTA | B25: GRUPO II. FRUTA Y VERDURA | C25: PERA | D25: PERA, CRUDA | E25: 118 | F25: 1675.6
A26: TOTAL MENÚ | F26: 3515.1
A28: MENÚ No. | B28: 2
A30: COMPONENTE | B30: GRUPO DE ALIMENTOS | C30: PREPARACIÓN | D30: NOMBRE DEL ALIMENTO (Ingredientes) | E30: PESO BRUTO (g) | F30: VALOR
A32: LECHE Y PRODUCTOS LACTEOS | B32: GRUPO III. LECHE Y PRODUCTOS LACTEOS. | C32: AVENA UHT | D32: BEBIDA CON LECHE Y AVENA, PASTEURIZADA, SABOR NATURAL | E32: 200 | F32: 1414
A33: CEREAL ACOMPAÑANTE | B33: GRUPO I. CEREALES, RAICES, TUBERCULOS Y PLATANOS. | C33: PAN DE QUESO | D33: PAN DE QUESO X 60 G | E33: 60 | F33: 1212
A34: POSTRE | B34: GRUPO VI. AZUCARES | C34: BOCADILLO | D34: BOCADILLO O DULCE DE GUAYAYABA TRADICIONAL X 20 G | E34: 20 | F34: 406.6
A35: TOTAL MENÚ | F35: 3032.6
A37: MENÚ No. | B37: 3
A39: COMPONENTE | B39: GRUPO DE ALIMENTOS | C39: PREPARACIÓN | D39: NOMBRE DEL ALIMENTO (Ingredientes) | E39: PESO BRUTO (g) | F39: VALOR
A41: LECHE Y PRODUCTOS LACTEOS | B41: GRUPO III. LECHE Y PRODUCTOS LACTEOS. | C41: LEHE ENTERA UHT | D41: LECHE DE VACA, ENTERA, PASTEURIZADA | E41: 200 | F41: 1134
A42: CEREAL ACOMPAÑANTE | B42: GRUPO I. CEREALES, RAICES, TUBERCULOS Y PLATANOS. | C42: MUFFIN | D42: MUFFIN X 50 G | E42: 50 | F42: 991.5
A43: FRUTA | B43: GRUPO II FRUTA Y VERDURA | C43: BANANO | D43: BANANO COMUN, CRUDO | E43: 143 | F43: 333.19
A44: TOTAL MENÚ | F44: 2458.69
A46: MENÚ No. | B46: 4
A48: COMPONENTE | B48: GRUPO DE ALIMENTOS | C48: PREPARACIÓN | D48: NOMBRE DEL ALIMENTO (Ingredientes) | E48: PESO BRUTO (g) | F48: VALOR
A50: LECHE Y PRODUCTOS LACTEOS | B50: GRUPO III. LECHE Y PRODUCTOS LACTEOS. | C50: AVENA UHT | D50: BEBIDA CON LECHE Y AVENA, PASTEURIZADA, SABOR NATURAL | E50: 200 | F50: 1414
A51: CEREAL ACOMPAÑANTE | B51: GRUPO I. CEREALES, RAICES, TUBERCULOS Y PLATANOS. | C51: CROISSANT | D51: CROISSANT X 60 G | E51: 60 | F51: 1043.4
A52: POSTRE | B52: GRUPO VI. AZUCARES | C52: LECHE CONDENSADA | D52: LECHE CONDENSADA X 20 G | E52: 20 | F52: 479.6
A53: TOTAL MENÚ | F53: 2937
A55: MENÚ No. | B55: 5
A57: COMPONENTE | B57: GRUPO DE ALIMENTOS | C57: PREPARACIÓN | D57: NOMBRE DEL ALIMENTO (Ingredientes) | E57: PESO BRUTO (g) | F57: VALOR
A59: LECHE Y PRODUCTOS LACTEOS | B59: GRUPO III. LECHE Y PRODUCTOS LACTEOS. | C59: LEHE SABORIZADA UHT | D59: LECHE DE VACA, ENTERA, PASTEURIZADA, SABORIZADA | E59: 200 | F59: 1206
A60: CEREAL ACOMPAÑANTE | B60: GRUPO I. CEREALES, RAICES, TUBERCULOS Y PLATANOS. | C60: ROSCÓN DE BOCADILLO | D60: ROSCON DE BOCADILLO X 60 G | E60: 60 | F60: 1020
A61: FRUTA | B61: GRUPO II. FRUTA Y VERDURA | C61: MANZANA | D61: MANZANA COMUN, CRUDA | E61: 118 | F61: 1517.48
A62: TOTAL MENÚ | F62: 3743.48
A64: MENÚ No. | B64: 6
A66: COMPONENTE | B66: GRUPO DE ALIMENTOS | C66: PREPARACIÓN | D66: NOMBRE DEL ALIMENTO (Ingredientes) | E66: PESO BRUTO (g) | F66: VALOR
A68: LECHE Y PRODUCTOS LACTEOS | B68: GRUPO III. LECHE Y PRODUCTOS LACTEOS. | C68: AVENA UHT | D68: BEBIDA CON LECHE Y AVENA, PASTEURIZADA, SABOR NATURAL | E68: 200 | F68: 1414
A69: CEREAL ACOMPAÑANTE | B69: GRUPO I. CEREALES, RAICES, TUBERCULOS Y PLATANOS. | C69: GALLETA SABOR A CHOCOLATE | D69: GALLETA SABOR A CHOCOLATE X 50 G | E69: 50 | F69: 781.5
A70: FRUTA | B70: GRUPO II FRUTA Y VERDURA | C70: MANDARINA | D70: MANDARINA, CRUDA | E70: 143 | F70: 896.61
A71: TOTAL MENÚ | F71: 3092.11
A73: MENÚ No. | B73: 7
A75: COMPONENTE | B75: GRUPO DE ALIMENTOS | C75: PREPARACIÓN | D75: NOMBRE DEL ALIMENTO (Ingredientes) | E75: PESO BRUTO (g) | F75: VALOR
A77: LECHE Y PRODUCTOS LACTEOS | B77: GRUPO III. LECHE Y PRODUCTOS LACTEOS. | C77: LECHE SABORIZADA UHT | D77: LECHE DE VACA, ENTERA, PASTEURIZADA, SABORIZADA | E77: 200 | F77: 1206
A78: CEREAL ACOMPAÑANTE | B78: GRUPO I. CEREALES, RAICES, TUBERCULOS Y PLATANOS. | C78: PAN DE QUESO | D78: PAN DE QUESO X 60 G | E78: 60 | F78: 1212
A79: POSTRE | B79: GRUPO VI. AZUCARES | C79: AREQUIPE | D79: AREQUIPE O DULCE DE LECHE X 20 G | E79: 20 | F79: 392.6
A80: TOTAL MENÚ | F80: 2810.6
A82: MENÚ No. | B82: 8
A84: COMPONENTE | B84: GRUPO DE ALIMENTOS | C84: PREPARACIÓN | D84: NOMBRE DEL ALIMENTO (Ingredientes) | E84: PESO BRUTO (g) | F84: VALOR
A86: LECHE Y PRODUCTOS LACTEOS | B86: GRUPO III. LECHE Y PRODUCTOS LACTEOS. | C86: LECHE ENTERA UHT | D86: LECHE DE VACA, ENTERA, PASTEURIZADA | E86: 200 | F86: 1134
A87: CEREAL ACOMPAÑANTE | B87: GRUPO I. CEREALES, RAICES, TUBERCULOS Y PLATANOS. | C87: CROISSANT | D87: CROISSANT X 60 G | E87: 60 | F87: 1043.4
A88: FRUTA | B88: GRUPO II FRUTA Y VERDURA | C88: MANZANA | D88: MANZANA COMUN, CRUDA | E88: 118 | F88: 1517.48
A89: TOTAL MENÚ | F89: 3694.88
A91: MENÚ No. | B91: 9
A93: COMPONENTE | B93: GRUPO DE ALIMENTOS | C93: PREPARACIÓN | D93: NOMBRE DEL ALIMENTO (Ingredientes) | E93: PESO BRUTO (g) | F93: VALOR
A95: LECHE Y PRODUCTOS LACTEOS | B95: GRUPO III. LECHE Y PRODUCTOS LACTEOS. | C95: AVENA UHT | D95: BEBIDA CON LECHE Y AVENA, PASTEURIZADA, SABOR NATURAL | E95: 200 | F95: 1414
A96: CEREAL ACOMPAÑANTE | B96: GRUPO I. CEREALES, RAICES, TUBERCULOS Y PLATANOS. | C96: PAN DE LECHE | D96: PAN DE LECHE X 60 G | E96: 60 | F96: 1068
A97: POSTRE | B97: GRUPO VI. AZUCARES | C97: PANELITA | D97: PANELITA DE LECHE X 20 G | E97: 20 | F97: 356.6
A98: TOTAL MENÚ | F98: 2838.6
A100: MENÚ No. | B100: 10
A102: COMPONENTE | B102: GRUPO DE ALIMENTOS | C102: PREPARACIÓN | D102: NOMBRE DEL ALIMENTO (Ingredientes) | E102: PESO BRUTO (g) | F102: VALOR
A104: LECHE Y PRODUCTOS LACTEOS | B104: GRUPO III. LECHE Y PRODUCTOS LACTEOS. | C104: LECHE ENTERA UHT | D104: LECHE DE VACA, ENTERA, PASTEURIZADA | E104: 200 | F104: 1134
A105: CEREAL ACOMPAÑANTE | B105: GRUPO I. CEREALES, RAICES, TUBERCULOS Y PLATANOS. | C105: ROSCON DE BOCADILLO | D105: ROSCON DE BOCADILLO X 60 G | E105: 60 | F105: 1020
A106: FRUTA | B106: GRUPO II FRUTA Y VERDURA | C106: NARANJA | D106: NARANJA, CRUDA | E106: 167 | F106: 447.56
A107: TOTAL MENÚ | F107: 2601.56
A108: GRAN TOTAL | F108: 30724.62
A109: PROMEDIO NIVEL 1-3 BÁSICA PRIMARIA | F109: 3072.46
A110: PROMEDIO TOTAL COMPLEMENTOS RI | F110: 3060.12
A111: TOTAL PESO BRUTO KILO NIVEL 1-3 BÁSICA PRIMARIA | F111: 3.46
A112: PROMEDIO PESO BRUTO TOTAL COMPLEMENTO RI | F112: 3.48

Sheet COMPLEMENTO RI NP GDOS 4-5
A1: REPUBLICA DE COLOMBIA
A2: MUNICIPIO DE SAMPUÉS - SUCRE
A3: SECRETARIA DE EDUCACION MUNICIPAL
A4: PROGRAMA DE ALIMENTACIÓN ESCOLAR VIGENCIA 2023 - LEY 715 DE 2001
A6: FORMATO ESTUDIO DE COSTOS
A7: ENTIDAD TERRITORIAL: | C7: SAMPUES
A9: MINUTA CON ENFOQUE ETNICO: | C9: No
A11: GRUPO ÉTNICO
A13: MODALIDAD DE ATENCIÓN | C13: Ración Industrializada
A15: TIPO DE COMPLEMENTO | C15: Complemento JM/JT
A17: NIVEL | B17: Preescolar
A19: MENÚ No. | B19: 1
A21: COMPONENTE | B21: GRUPO DE ALIMENTOS | C21: NOMBRE DE PREPARACIÓN | D21: NOMBRE DEL ALIMENTO (Ingredientes) | E21: PESO BRUTO (g) | F21: VALOR
A23: LECHE Y PRODUCTOS LACTEOS | B23: GRUPO III. LECHE Y PRODUCTOS LACTEOS. | C23: LEHE SABORIZADA UHT | D23: LECHE DE VACA, ENTERA, PASTEURIZADA, SABORIZADA | E23: 200 | F23: 1206
A24: CEREAL ACOMPAÑANTE | B24: GRUPO I. CEREALES, RAICES, TUBERCULOS Y PLATANOS. | C24: GALLETA PUNTO ROJO | D24: GALLETA PUNTO ROJO X 60 G | E24: 60 | F24: 756.6
A25: FRUTA | B25: GRUPO II. FRUTA Y VERDURA | C25: PERA | D25: PERA, CRUDA | E25: 142 | F25: 2016.4
A26: TOTAL MENÚ | F26: 3979
A28: MENÚ No. | B28: 2
A30: COMPONENTE | B30: GRUPO DE ALIMENTOS | C30: PREPARACIÓN | D30: NOMBRE DEL ALIMENTO (Ingredientes) | E30: PESO BRUTO (g) | F30: VALOR
A32: LECHE Y PRODUCTOS LACTEOS | B32: GRUPO III. LECHE Y PRODUCTOS LACTEOS. | C32: AVENA UHT | D32: BEBIDA CON LECHE Y AVENA, PASTEURIZADA, SABOR NATURAL | E32: 200 | F32: 1414
A33: CEREAL ACOMPAÑANTE | B33: GRUPO I. CEREALES, RAICES, TUBERCULOS Y PLATANOS. | C33: PAN DE QUESO | D33: PAN DE QUESO X 70 G | E33: 70 | F33: 1337.7
A34: POSTRE | B34: GRUPO VI. AZUCARES | C34: BOCADILLO | D34: BOCADILLO O DULCE DE GUAYAYABA TRADICIONAL X 20 G | E34: 20 | F34: 406.6
A35: TOTAL MENÚ | F35: 3158.3
A37: MENÚ No. | B37: 3
A39: COMPONENTE | B39: GRUPO DE ALIMENTOS | C39: PREPARACIÓN | D39: NOMBRE DEL ALIMENTO (Ingredientes) | E39: PESO BRUTO (g) | F39: VALOR
A41: LECHE Y PRODUCTOS LACTEOS | B41: GRUPO III. LECHE Y PRODUCTOS LACTEOS. | C41: LEHE ENTERA UHT | D41: LECHE DE VACA, ENTERA, PASTEURIZADA | E41: 200 | F41: 1134
A42: CEREAL ACOMPAÑANTE | B42: GRUPO I. CEREALES, RAICES, TUBERCULOS Y PLATANOS. | C42: MUFFIN | D42: MUFFIN X 60 G | E42: 60 | F42: 1189.8
A43: FRUTA | B43: GRUPO II FRUTA Y VERDURA | C43: BANANO | D43: BANANO COMUN, CRUDO | E43: 172 | F43: 400.76
A44: TOTAL MENÚ | F44: 2724.56
A46: MENÚ No. | B46: 4
A48: COMPONENTE | B48: GRUPO DE ALIMENTOS | C48: PREPARACIÓN | D48: NOMBRE DEL ALIMENTO (Ingredientes) | E48: PESO BRUTO (g) | F48: VALOR
A50: LECHE Y PRODUCTOS LACTEOS | B50: GRUPO III. LECHE Y PRODUCTOS LACTEOS. | C50: AVENA UHT | D50: BEBIDA CON LECHE Y AVENA, PASTEURIZADA, SABOR NATURAL | E50: 200 | F50: 1414
A51: CEREAL ACOMPAÑANTE | B51: GRUPO I. CEREALES, RAICES, TUBERCULOS Y PLATANOS. | C51: CROISSANT | D51: CROISSANT X 70 G | E51: 70 | F51: 1225
A52: POSTRE | B52: GRUPO VI. AZUCARES | C52: LECHE CONDENSADA | D52: LECHE CONDENSADA X 20 G | E52: 20 | F52: 479.6
A53: TOTAL MENÚ | F53: 3118.6
A55: MENÚ No. | B55: 5
A57: COMPONENTE | B57: GRUPO DE ALIMENTOS | C57: PREPARACIÓN | D57: NOMBRE DEL ALIMENTO (Ingredientes) | E57: PESO BRUTO (g) | F57: VALOR
A59: LECHE Y PRODUCTOS LACTEOS | B59: GRUPO III. LECHE Y PRODUCTOS LACTEOS. | C59: LEHE SABORIZADA UHT | D59: LECHE DE VACA, ENTERA, PASTEURIZADA, SABORIZADA | E59: 200 | F59: 1206
A60: CEREAL ACOMPAÑANTE | B60: GRUPO I. CEREALES, RAICES, TUBERCULOS Y PLATANOS. | C60: ROSCÓN DE BOCADILLO | D60: ROSCON DE BOCADILLO X 70 G | E60: 70 | F60: 1190
A61: FRUTA | B61: GRUPO II. FRUTA Y VERDURA | C61: MANZANA | D61: MANZANA COMUN, CRUDA | E61: 142 | F61: 1826.12
A62: TOTAL MENÚ | F62: 4222.12
A64: MENÚ No. | B64: 6
A66: COMPONENTE | B66: GRUPO DE ALIMENTOS | C66: PREPARACIÓN | D66: NOMBRE DEL ALIMENTO (Ingredientes) | E66: PESO BRUTO (g) | F66: VALOR
A68: LECHE Y PRODUCTOS LACTEOS | B68: GRUPO III. LECHE Y PRODUCTOS LACTEOS. | C68: AVENA UHT | D68: BEBIDA CON LECHE Y AVENA, PASTEURIZADA, SABOR NATURAL | E68: 200 | F68: 1414
A69: CEREAL ACOMPAÑANTE | B69: GRUPO I. CEREALES, RAICES, TUBERCULOS Y PLATANOS. | C69: GALLETA SABOR A CHOCOLATE | D69: GALLETA SABOR A CHOCOLATE X 60 G | E69: 60 | F69: 926.4
A70: FRUTA | B70: GRUPO II FRUTA Y VERDURA | C70: MANDARINA | D70: MANDARINA, CRUDA | E70: 172 | F70: 1078.44
A71: TOTAL MENÚ | F71: 3418.84
A73: MENÚ No. | B73: 7
A75: COMPONENTE | B75: GRUPO DE ALIMENTOS | C75: PREPARACIÓN | D75: NOMBRE DEL ALIMENTO (Ingredientes) | E75: PESO BRUTO (g) | F75: VALOR
A77: LECHE Y PRODUCTOS LACTEOS | B77: GRUPO III. LECHE Y PRODUCTOS LACTEOS. | C77: LECHE SABORIZADA UHT | D77: LECHE DE VACA, ENTERA, PASTEURIZADA, SABORIZADA | E77: 200 | F77: 1206
A78: CEREAL ACOMPAÑANTE | B78: GRUPO I. CEREALES, RAICES, TUBERCULOS Y PLATANOS. | C78: PAN DE QUESO | D78: PAN DE QUESO X 70 G | E78: 70 | F78: 1337.7
A79: POSTRE | B79: GRUPO VI. AZUCARES | C79: AREQUIPE | D79: AREQUIPE O DULCE DE LECHE X 20 G | E79: 20 | F79: 392.6
A80: TOTAL MENÚ | F80: 2936.3
A82: MENÚ No. | B82: 8
A84: COMPONENTE | B84: GRUPO DE ALIMENTOS | C84: PREPARACIÓN | D84: NOMBRE DEL ALIMENTO (Ingredientes) | E84: PESO BRUTO (g) | F84: VALOR
A86: LECHE Y PRODUCTOS LACTEOS | B86: GRUPO III. LECHE Y PRODUCTOS LACTEOS. | C86: LECHE ENTERA UHT | D86: LECHE DE VACA, ENTERA, PASTEURIZADA | E86: 200 | F86: 1134
A87: CEREAL ACOMPAÑANTE | B87: GRUPO I. CEREALES, RAICES, TUBERCULOS Y PLATANOS. | C87: CROISSANT | D87: CROISSANT X 70 G | E87: 70 | F87: 1225
A88: FRUTA | B88: GRUPO II FRUTA Y VERDURA | C88: MANZANA | D88: MANZANA COMUN, CRUDA | E88: 142 | F88: 1826.12
A89: TOTAL MENÚ | F89: 4185.12
A91: MENÚ No. | B91: 9
A93: COMPONENTE | B93: GRUPO DE ALIMENTOS | C93: PREPARACIÓN | D93: NOMBRE DEL ALIMENTO (Ingredientes) | E93: PESO BRUTO (g) | F93: VALOR
A95: LECHE Y PRODUCTOS LACTEOS | B95: GRUPO III. LECHE Y PRODUCTOS LACTEOS. | C95: AVENA UHT | D95: BEBIDA CON LECHE Y AVENA, PASTEURIZADA, SABOR NATURAL | E95: 200 | F95: 1414
A96: CEREAL ACOMPAÑANTE | B96: GRUPO I. CEREALES, RAICES, TUBERCULOS Y PLATANOS. | C96: PAN DE LECHE | D96: PAN DE LECHE X 70 G | E96: 70 | F96: 1213.1
A97: POSTRE | B97: GRUPO VI. AZUCARES | C97: PANELITA | D97: PANELITA DE LECHE X 20 G | E97: 20 | F97: 356.6
A98: TOTAL MENÚ | F98: 2983.7
A100: MENÚ No. | B100: 10
A102: COMPONENTE | B102: GRUPO DE ALIMENTOS | C102: PREPARACIÓN | D102: NOMBRE DEL ALIMENTO (Ingredientes) | E102: PESO BRUTO (g) | F102: VALOR
A104: LECHE Y PRODUCTOS LACTEOS | B104: GRUPO III. LECHE Y PRODUCTOS LACTEOS. | C104: LECHE ENTERA UHT | D104: LECHE DE VACA, ENTERA, PASTEURIZADA | E104: 200 | F104: 1134
A105: CEREAL ACOMPAÑANTE | B105: GRUPO I. CEREALES, RAICES, TUBERCULOS Y PLATANOS. | C105: ROSCON DE BOCADILLO | D105: ROSCON DE BOCADILLO X 70 G | E105: 70 | F105: 1190
A106: FRUTA | B106: GRUPO II FRUTA Y VERDURA | C106: NARANJA | D106: NARANJA, CRUDA | E106: 200 | F106: 536
A107: TOTAL MENÚ | F107: 2860
A108: GRAN TOTAL | F108: 33586.54
A109: PROMEDIO NIVEL 4-5 BASICA PRIMARIA | F109: 3358.65
A110: PROMEDIO TOTAL COMPLEMENTOS RI | F110: 3060.12
A111: TOTAL PESO BRUTO KILO NIVEL 4-5 BÁSICA PRIMARIA | F111: 3.72
A112: PROMEDIO PESO BRUTO TOTAL COMPLEMENTO RI | F112: 3.48

Sheet N° LITROS
A1: REPUBLICA DE COLOMBIA
A2: MUNICIPIO DE SAMPUÉS - SUCRE
A3: SECRETARIA DE EDUCACION MUNICIPAL
A4: PROGRAMA DE ALIMENTACION ESCOLAR VIGENCIA 2023 - LEY 715 DE 2001
A6: TABLA DE CÁLCULO DE LITROS DE DETERGENTE - DESINFECTANTE
A8: MUNICIPIO | B8: CODIGO_DANE | C8: NOMBRE ESTABLECIMIENTO | D8: DANE_SEDE | E8: NOMBRE SEDE | F8: ZONA | G8: MODALIDAD | H8: JORNADA | I8: CUPOS | J8: N° LITROS
A9: SAMPUÉS | B9: 170670000071 | C9: IE MILLAN VARGAS | D9: 170670000071 | E9: SEDE PRINCIPAL | F9: URBANA | G9: COMP | H9: AM | I9: 101 | J9: 2.02
A10: SAMPUÉS | B10: 170670000071 | C10: IE MILLAN VARGAS | D10: 170670000071 | E10: SEDE PRINCIPAL | F10: URBANA | G10: COMP | H10: PM | I10: 509 | J10: 10.18
A11: SAMPUÉS | B11: 170670000071 | C11: IE MILLAN VARGAS | D11: 170670000608 | E11: SEDE EL CAMPANO SEBASTIAN PEÑATES | F11: URBANA | G11: COMP | H11: AM | I11: 220 | J11: 4.4
A12: SAMPUÉS | B12: 170670000071 | C12: IE MILLAN VARGAS | D12: 170670000608 | E12: SEDE EL CAMPANO SEBASTIAN PEÑATES | F12: URBANA | G12: COMP | H12: PM | I12: 108 | J12: 2.16
A13: SAMPUÉS | B13: 170670000071 | C13: IE MILLAN VARGAS | D13: 170670000136 | E13: SEDE LUIS G PORTACIO | F13: URBANA | G13: COMP | H13: AM | I13: 317 | J13: 6.34
A14: SAMPUÉS | B14: 170670000071 | C14: IE MILLAN VARGAS | D14: 170670000136 | E14: SEDE LUIS G PORTACIO | F14: URBANA | G14: COMP | H14: PM | I14: 85 | J14: 1.7
A15: SAMPUÉS | B15: 170670000128 | C15: IE MARISCAL SUCRE | D15: 170670000128 | E15: SEDE PRINCIPAL | F15: URBANA | G15: COMP | H15: PM | I15: 450 | J15: 9
A16: SAMPUÉS | B16: 170670000128 | C16: IE MARISCAL SUCRE | D16: 170670000012 | E16: SEDE LAS PERONILLAS | F16: URBANA | G16: COMP | H16: AM | I16: 134 | J16: 2.68
A17: SAMPUÉS | B17: 170670000128 | C17: IE MARISCAL SUCRE | D17: 170670000012 | E17: SEDE LAS PERONILLAS | F17: URBANA | G17: COMP | H17: PM | I17: 151 | J17: 3.02
A18: SAMPUÉS | B18: 170670000128 | C18: IE MARISCAL SUCRE | D18: 170670000098 | E18: SEDE SANTA MARTA | F18: URBANA | G18: RI | H18: AM | I18: 162 | J18: 3.24
A19: SAMPUÉS | B19: 170670000128 | C19: IE MARISCAL SUCRE | D19: 170670000098 | E19: SEDE SANTA MARTA | F19: URBANA | G19: RI | H19: PM | I19: 94 | J19: 1.88
A20: SAMPUÉS | B20: 170670000128 | C20: IE MARISCAL SUCRE | D20: 270670000530 | E20: SEDE BIZERTA | F20: URBANA | G20: COMP | H20: AM | I20: 105 | J20: 2.1
A21: SAMPUÉS | B21: 170670000128 | C21: IE MARISCAL SUCRE | D21: 270670000530 | E21: SEDE BIZERTA | F21: URBANA | G21: COMP | H21: PM | I21: 69 | J21: 1.38
A22: Total general | I22: =SUM(I9:I21) -> 2505 | J22: =SUM(J9:J16) -> 38.48
K24: =+J22-J18-J19 -> 33.36 | L24: RPS
K25: =+J18+J19 -> 5.12 | L25: RI

Sheet ASEO RPS
A1: REPUBLICA DE COLOMBIA
A2: MUNICIPIO DE SAMPUÉS - SUCRE
A3: SECRETARIA DE EDUCACION MUNICIPAL
A4: PROGRAMA DE ALIMENTACION ESCOLAR VIGENCIA 2023 - LEY 715 DE 2001
A6: TABLA DE INSUMOS DE ASEO - RACION PREPARADA EN SITIO
A8: PRODUCTO | B8: UNIDADES | C8: FRECUENCIA | D8: N0. RACIONES/MES | E8: COTIZACIÓN 1 | F8: COTIZACIÓN 2 | G8: COTIZACIÓN 3 | H8: PROMEDIO | I8: CANTIDAD | J8: SUBTOTAL 1 | K8: N° MESES | L8: SUBTOTAL 2
A9: ESCOBA | B9: 1 | C9: ANUAL | D9: N.A | E9: 6050 | F9: 5300 | G9: 5500 | H9: 5616.67 | I9: 6 | J9: 33700.02 | K9: 3.45 | L9: 33700.02
A10: TRAPERO | B10: 1 | C10: ANUAL | D10: N.A | E10: 6700 | F10: 5000 | G10: 5500 | H10: 5733.33 | I10: =I9 -> 6 | J10: 34399.98 | L10: 34399.98
A11: RECOGEDOR | B11: 1 | C11: ANUAL | D11: N.A | E11: 4400 | F11: 5600 | G11: 3000 | H11: 4333.33 | I11: =I9 -> 6 | J11: 25999.98 | L11: 25999.98
A12: CEPILLO DE CERDAS DURAS | B12: 1 | C12: ANUAL | D12: N.A | E12: 7200 | F12: 7600 | G12: 6500 | H12: 7100 | I12: =I9 -> 6 | J12: 42600 | L12: 42600
A13: ESPONJA PLASTICA Y ABRASIVA | B13: 2 | C13: MENSUAL | D13: N.A | E13: 1450 | F13: 1850 | G13: 1000 | H13: 1433.33 | I13: 2 X 6 | J13: 17199.96 | L13: 59339.86
A14: DETERGENTE LAVAPLATOS | B14: 1 | C14: MENSUAL | D14: 2 LT X 100 CUPOS | E14: 9600 | F14: 9000 | G14: 10000 | H14: 9533.33 | I14: ='N° LITROS'!K24 -> 33.36 | J14: 318031.89 | L14: 1097210
A15: HIPOCLORITO DE SODIO 5,45% | B15: 1 | C15: MENSUAL | D15: 2 LT X 100 CUPOS | E15: 4660 | F15: 4100 | G15: 4400 | H15: 4386.67 | I15: =I14 -> 33.36 | J15: 146339.31 | L15: 504870.62
A16: JABON EN POLVO PARA ASEO GENERAL | B16: 1 | C16: MENSUAL | D16: 2 KG X 100 CUPOS | E16: 13500 | F16: 12200 | G16: 13320 | H16: 13006.67 | I16: =I14 -> 33.36 | J16: 433902.51 | L16: 1496963.7
A17: JABON ANTIBACTERIAL LIQUIDO (BOTELLA 300 CC) | B17: 1 | C17: MENSUAL | D17: 300 CC X MANIPULADOR | E17: 2800 | F17: 2400 | G17: 2900 | H17: 2700 | I17: =N°MANIPULADORES!S23-N°MANIPULADORES!S18-N°MANIPULADORES!S19 -> 30 | J17: 81000 | L17: 279450
A18: BOLSAS PLASTICAS PARA BASURA | B18: 40 | C18: MENSUAL | E18: 380 | F18: 350 | G18: 335 | H18: 355 | I18: 40 X 6 | J18: 85200 | L18: 293940
A19: CANECAS PARA BASURAS | B19: 2 | C19: ANUAL | E19: 39900 | F19: 42000 | G19: 35000 | H19: 38966.67 | I19: 2 X 6 | J19: 467600.04 | L19: 467600.04
A20: PAPEL HIGIENICO (ROLLO) | B20: 1 | C20: MENSUAL | D20: 1 ROLLO MENSUAL X MANIPULADOR | E20: 1850 | F20: 1450 | G20: 1600 | H20: 1633.33 | I20: =I17 -> 30 | J20: 48999.9 | L20: 169049.66
A21: GUANTES DE MANIPULACIÓN | B21: 100 | C21: MENSUAL | D21: X MANIPULADORA | E21: 3600 | F21: 2800 | G21: 3300 | H21: 3233.33 | I21: =I17 -> 30 | J21: 96999.9 | L21: 334649.66
A22: GRAN TOTAL | L22: =SUM(L9:L21) -> 4839773.5
A25: COSTO TOTAL ASEO RPS | B25: N° CUPOS | C25: DÍAS CALENDARIO ESCOLAR | E25: VALOR RACIÓN
A26: =L22 -> 4839773.5 | B26: ='PRESUPUESTO 2023'!D11 -> 2249 | C26: ='COMBUSTIBLE-SEDES'!K20 -> 69 | E26: 31.187926

Sheet ASEO RI
A1: REPUBLICA DE COLOMBIA
A2: MUNICIPIO DE SAMPUÉS - SUCRE
A3: SECRETARIA DE EDUCACION MUNICIPAL
A4: PROGRAMA DE ALIMENTACION ESCOLAR VIGENCIA 2023 - LEY 715 DE 2001
A6: TABLA DE INSUMOS DE ASEO - RACION INDUSTRIALIZADA
A8: PRODUCTO | B8: UNIDADES | C8: FRECUENCIA | D8: N0. RACIONES/MES | E8: COTIZACIÓN 1 | F8: COTIZACIÓN 2 | G8: COTIZACIÓN 3 | H8: PROMEDIO | I8: CANTIDAD | J8: SUBTOTAL 1 | K8: N° MESES | L8: SUBTOTAL 2
A9: ESCOBA | B9: 1 | C9: ANUAL | D9: N.A | E9: 6050 | F9: 5300 | G9: 5500 | H9: 5616.67 | I9: 1 | J9: 5616.67 | K9: 3.45 | L9: 5616.67
A10: TRAPERO | B10: 1 | C10: ANUAL | D10: N.A | E10: 6700 | F10: 5000 | G10: 5500 | H10: 5733.33 | I10: 1 | J10: 5733.33 | L10: 5733.33
A11: RECOGEDOR | B11: 1 | C11: ANUAL | D11: N.A | E11: 4400 | F11: 5600 | G11: 3000 | H11: 4333.33 | I11: 1 | J11: 4333.33 | L11: 4333.33
A12: HIPOCLORITO DE SODIO 5,45% | B12: 1 | C12: MENSUAL | D12: 2 LT X 100 CUPOS | E12: 4660 | F12: 4100 | G12: 4400 | H12: 4386.67 | I12: 5.12 | J12: 22459.75 | L12: 77486.14
A13: JABON EN POLVO PARA ASEO GENERAL | B13: 1 | C13: MENSUAL | D13: 2 KG X 100 CUPOS | E13: 13500 | F13: 12200 | G13: 13320 | H13: 13006.67 | I13: 5.12 | J13: 66594.15 | L13: 229749.82
A14: JABON ANTIBACTERIAL LIQUIDO (BOTELLA 300 CC) | B14: 1 | C14: MENSUAL | D14: 300 CC X MANIPULADOR | E14: 2800 | F14: 2400 | G14: 2900 | H14: 2700 | I14: 2 | J14: 5400 | L14: 18630
A15: BOLSAS PLASTICAS PARA BASURA | B15: 40 | C15: MENSUAL | E15: 380 | F15: 350 | G15: 335 | H15: 355 | I15: 40 X 1 | J15: 14200 | L15: 48990
A16: CANECAS PARA BASURAS | B16: 2 | C16: ANUAL | E16: 39900 | F16: 42000 | G16: 35000 | H16: 38966.67 | I16: 2 X 1 | J16: 77933.34 | L16: 77933.34
A17: PAPEL HIGIENICO (ROLLO) | B17: 1 | C17: MENSUAL | D17: 1 ROLLO MENSUAL X MANIPULADOR | E17: 1850 | F17: 1450 | G17: 1600 | H17: 1633.33 | I17: 2 | J17: 3266.66 | L17: 11269.98
A18: GUANTES DE MANIPULACIÓN | B18: 100 | C18: MENSUAL | D18: X MANIPULADORA | E18: 3600 | F18: 2800 | G18: 3300 | H18: 3233.33 | I18: 2 | J18: 6466.66 | L18: 22309.98
A19: GRAN TOTAL | L19: =SUM(L9:L18) -> 502052.59
A22: COSTO TOTAL ASEO RPS | B22: N° CUPOS | C22: DÍAS CALENDARIO ESCOLAR | E22: VALOR RACIÓN
A23: =L19 -> 502052.59 | B23: ='PRESUPUESTO 2023'!D12 -> 256 | C23: ='COMBUSTIBLE-SEDES'!K20 -> 69 | E23: 28.422361

Sheet COMBUSTIBLE-SEDES
A1: REPUBLICA DE COLOMBIA
A2: MUNICIPIO DE SAMPUÉS - SUCRE
A3: SECRETARIA DE EDUCACION MUNICIPAL
A4: PROGRAMA DE ALIMENTACION ESCOLAR VIGENCIA 2023 - LEY 715 DE 2001
A6: TABLA DE CÁLCULO DEL COMBUSTIBLE
A8: MUNICIPIO | B8: CODIGO_DANE | C8: NOMBRE ESTABLECIMIENTO | D8: DANE_SEDE | E8: NOMBRE SEDE | F8: ZONA | G8: MODALIDAD | H8: CUPOS | I8: COMBUSTIBLE | J8: COSTO COMBUSTIBLE POR RACIÓN | K8: TOTAL DIARIO | L8: N° DÍAS HÁBILES ESCOLARES | M8: GRAN TOTAL
A9: SAMPUÉS | B9: 170670000071 | C9: IE MILLAN VARGAS | D9: 170670000071 | E9: SEDE PRINCIPAL | F9: URBANA | G9: COMP | H9: =+N°MANIPULADORES!I9+N°MANIPULADORES!I10 -> 610 | I9: PIPETA | J9: =F$20 -> 24.85 | K9: =ROUND(H9*J9,2) -> 15158.5 | L9: ='PRESUPUESTO 2023'!B$11 -> 69 | M9: 1045936.5
A10: SAMPUÉS | B10: 170670000071 | C10: IE MILLAN VARGAS | D10: 170670000608 | E10: SEDE EL CAMPANO SEBASTIAN PEÑATES | F10: URBANA | G10: COMP | H10: =+N°MANIPULADORES!I11+N°MANIPULADORES!I12 -> 328 | I10: PIPETA | J10: =F$20 -> 24.85 | K10: =ROUND(H10*J10,2) -> 8150.8 | L10: ='PRESUPUESTO 2023'!B$11 -> 69 | M10: 562405.2
A11: SAMPUÉS | B11: 170670000071 | C11: IE MILLAN VARGAS | D11: 170670000136 | E11: SEDE LUIS G PORTACIO | F11: URBANA | G11: COMP | H11: =+N°MANIPULADORES!I13+N°MANIPULADORES!I14 -> 402 | I11: PIPETA | J11: =F$20 -> 24.85 | K11: =ROUND(H11*J11,2) -> 9989.7 | L11: ='PRESUPUESTO 2023'!B$11 -> 69 | M11: 689289.3
A12: SAMPUÉS | B12: 170670000128 | C12: IE MARISCAL SUCRE | D12: 170670000128 | E12: SEDE PRINCIPAL | F12: URBANA | G12: COMP | H12: 450 | I12: PIPETA | J12: =F$20 -> 24.85 | K12: =ROUND(H12*J12,2) -> 11182.5 | L12: ='PRESUPUESTO 2023'!B$11 -> 69 | M12: 771592.5
A13: SAMPUÉS | B13: 170670000128 | C13: IE MARISCAL SUCRE | D13: 170670000012 | E13: SEDE LAS PERONILLAS | F13: URBANA | G13: COMP | H13: =+N°MANIPULADORES!I16+N°MANIPULADORES!I17 -> 285 | I13: PIPETA | J13: =F$20 -> 24.85 | K13: =ROUND(H13*J13,2) -> 7082.25 | L13: ='PRESUPUESTO 2023'!B$11 -> 69 | M13: 488675.25
A14: SAMPUÉS | B14: 170670000128 | C14: IE MARISCAL SUCRE | D14: 270670000530 | E14: SEDE BIZERTA | F14: URBANA | G14: COMP | H14: =+N°MANIPULADORES!I20+N°MANIPULADORES!I21 -> 174 | I14: PIPETA | J14: =F$20 -> 24.85 | K14: =ROUND(H14*J14,2) -> 4323.9 | L14: ='PRESUPUESTO 2023'!B$11 -> 69 | M14: 298349.1
A15: Total general | H15: =SUM(H9:H14) -> 2249 | M15: =SUM(M9:M14) -> 3856247.9
A19: PRODUCTO | B19: COTIZACIÓN 1 | C19: COTIZACIÓN 2 | D19: PROMEDIO | E19: VALOR LIBRA | F19: COSTO UNITARIO COMBUSTIBLE | G19: COSTO TOTAL COMBUSTIBLE | J19: N° CUPOS DIARIOS | K19: N° DÍAS HABILES | L19: COSTO COMBUSTIBLE POR RACIÓN
A20: CILINDRO (45 KG) - 100 LIBRAS | B20: 252000 | C20: 245000 | D20: 248500 | E20: 2485 | F20: 24.85 | G20: 3856247.9 | J20: 2249 | K20: 69 | L20: 24.85

Sheet N°MANIPULADORES
A1: REPUBLICA DE COLOMBIA
A2: MUNICIPIO DE SAMPUÉS - SUCRE
A3: SECRETARIA DE EDUCACION MUNICIPAL
A4: PROGRAMA DE ALIMENTACIÓN ESCOLAR VIGENCIA 2023 - LEY 715 DE 2001
A6: CONSOLIDADO MANIPULADORES POR SEDES PAE 2023
K7: RACIÓN PREPARADA EN SITIO - RPS | Q7: RACIÓN INDUSTRIALIZADA - RI
A8: MUNICIPIO | B8: CODIGO_DANE | C8: NOMBRE ESTABLECIMIENTO | D8: DANE_SEDE | E8: NOMBRE SEDE | F8: ZONA | G8: MODALIDAD | H8: JORNADA | I8: CUPOS RPS | J8: CUPOS RI | K8: 0-100 | L8: 101-200 | M8: 201-300 | N8: 301-400 | O8: 401-500 | P8: 501-600 | Q8: 25 A 300 | R8: 301-600 | S8: N°TOTAL MANIP
A9: SAMPUÉS | B9: 170670000071 | C9: IE MILLAN VARGAS | D9: 170670000071 | E9: SEDE PRINCIPAL | F9: URBANA | G9: COMP | H9: AM | I9: 101 | K9: =IF(AND(I9<=100,I9>=1),1,0) -> 0 | L9: =IF(AND(I9<=200,I9>=101),2,0) -> 2 | M9: =IF(AND(I9<=300,I9>=201),3,0) -> 0 | N9: =IF(AND(I9<=400,I9>=301),4,0) -> 0 | O9: =IF(AND(I9<=500,I9>=401),5,0) -> 0 | P9: =IF(AND(I9<=600,I9>=501),6,0) -> 0 | Q9: =IF(AND(J9<=300,J9>=25),1,0) -> 0 | R9: =IF(AND(J9<=600,J9>=301),2,0) -> 0 | S9: =SUM(K9:R9) -> 2
A10: SAMPUÉS | B10: 170670000071 | C10: IE MILLAN VARGAS | D10: 170670000071 | E10: SEDE PRINCIPAL | F10: URBANA | G10: COMP | H10: PM | I10: 509 | K10: =IF(AND(I10<=100,I10>=1),1,0) -> 0 | L10: =IF(AND(I10<=200,I10>=101),2,0) -> 0 | M10: =IF(AND(I10<=300,I10>=201),3,0) -> 0 | N10: =IF(AND(I10<=400,I10>=301),4,0) -> 0 | O10: =IF(AND(I10<=500,I10>=401),5,0) -> 0 | P10: =IF(AND(I10<=600,I10>=501),6,0) -> 6 | Q10: =IF(AND(J10<=300,J10>=25),1,0) -> 0 | R10: =IF(AND(J10<=600,J10>=301),2,0) -> 0 | S10: =SUM(K10:R10) -> 6
A11: SAMPUÉS | B11: 170670000071 | C11: IE MILLAN VARGAS | D11: 170670000608 | E11: SEDE EL CAMPANO SEBASTIAN PEÑATES | F11: URBANA | G11: COMP | H11: AM | I11: 220 | K11: =IF(AND(I11<=100,I11>=1),1,0) -> 0 | L11: =IF(AND(I11<=200,I11>=101),2,0) -> 0 | M11: =IF(AND(I11<=300,I11>=201),3,0) -> 3 | N11: =IF(AND(I11<=400,I11>=301),4,0) -> 0 | O11: =IF(AND(I11<=500,I11>=401),5,0) -> 0 | P11: =IF(AND(I11<=600,I11>=501),6,0) -> 0 | Q11: =IF(AND(J11<=300,J11>=25),1,0) -> 0 | R11: =IF(AND(J11<=600,J11>=301),2,0) -> 0 | S11: =SUM(K11:R11) -> 3
A12: SAMPUÉS | B12: 170670000071 | C12: IE MILLAN VARGAS | D12: 170670000608 | E12: SEDE EL CAMPANO SEBASTIAN PEÑATES | F12: URBANA | G12: COMP | H12: PM | I12: 108 | K12: =IF(AND(I12<=100,I12>=1),1,0) -> 0 | L12: =IF(AND(I12<=200,I12>=101),2,0) -> 2 | M12: =IF(AND(I12<=300,I12>=201),3,0) -> 0 | N12: =IF(AND(I12<=400,I12>=301),4,0) -> 0 | O12: =IF(AND(I12<=500,I12>=401),5,0) -> 0 | P12: =IF(AND(I12<=600,I12>=501),6,0) -> 0 | Q12: =IF(AND(J12<=300,J12>=25),1,0) -> 0 | R12: =IF(AND(J12<=600,J12>=301),2,0) -> 0 | S12: =SUM(K12:R12) -> 2
A13: SAMPUÉS | B13: 170670000071 | C13: IE MILLAN VARGAS | D13: 170670000136 | E13: SEDE LUIS G PORTACIO | F13: URBANA | G13: COMP | H13: AM | I13: 317 | K13: =IF(AND(I13<=100,I13>=1),1,0) -> 0 | L13: =IF(AND(I13<=200,I13>=101),2,0) -> 0 | M13: =IF(AND(I13<=300,I13>=201),3,0) -> 0 | N13: =IF(AND(I13<=400,I13>=301),4,0) -> 4 | O13: =IF(AND(I13<=500,I13>=401),5,0) -> 0 | P13: =IF(AND(I13<=600,I13>=501),6,0) -> 0 | Q13: =IF(AND(J13<=300,J13>=25),1,0) -> 0 | R13: =IF(AND(J13<=600,J13>=301),2,0) -> 0 | S13: =SUM(K13:R13) -> 4
A14: SAMPUÉS | B14: 170670000071 | C14: IE MILLAN VARGAS | D14: 170670000136 | E14: SEDE LUIS G PORTACIO | F14: URBANA | G14: COMP | H14: PM | I14: 85 | K14: =IF(AND(I14<=100,I14>=1),1,0) -> 1 | L14: =IF(AND(I14<=200,I14>=101),2,0) -> 0 | M14: =IF(AND(I14<=300,I14>=201),3,0) -> 0 | N14: =IF(AND(I14<=400,I14>=301),4,0) -> 0 | O14: =IF(AND(I14<=500,I14>=401),5,0) -> 0 | P14: =IF(AND(I14<=600,I14>=501),6,0) -> 0 | Q14: =IF(AND(J14<=300,J14>=25),1,0) -> 0 | R14: =IF(AND(J14<=600,J14>=301),2,0) -> 0 | S14: =SUM(K14:R14) -> 1
A15: SAMPUÉS | B15: 170670000128 | C15: IE MARISCAL SUCRE | D15: 170670000128 | E15: SEDE PRINCIPAL | F15: URBANA | G15: COMP | H15: PM | I15: 450 | K15: =IF(AND(I15<=100,I15>=1),1,0) -> 0 | L15: =IF(AND(I15<=200,I15>=101),2,0) -> 0 | M15: =IF(AND(I15<=300,I15>=201),3,0) -> 0 | N15: =IF(AND(I15<=400,I15>=301),4,0) -> 0 | O15: =IF(AND(I15<=500,I15>=401),5,0) -> 5 | P15: =IF(AND(I15<=600,I15>=501),6,0) -> 0 | Q15: =IF(AND(J15<=300,J15>=25),1,0) -> 0 | R15: =IF(AND(J15<=600,J15>=301),2,0) -> 0 | S15: =SUM(K15:R15) -> 5
A16: SAMPUÉS | B16: 170670000128 | C16: IE MARISCAL SUCRE | D16: 170670000012 | E16: SEDE LAS PERONILLAS | F16: URBANA | G16: COMP | H16: AM | I16: 134 | K16: =IF(AND(I16<=100,I16>=1),1,0) -> 0 | L16: =IF(AND(I16<=200,I16>=101),2,0) -> 2 | M16: =IF(AND(I16<=300,I16>=201),3,0) -> 0 | N16: =IF(AND(I16<=400,I16>=301),4,0) -> 0 | O16: =IF(AND(I16<=500,I16>=401),5,0) -> 0 | P16: =IF(AND(I16<=600,I16>=501),6,0) -> 0 | Q16: =IF(AND(J16<=300,J16>=25),1,0) -> 0 | R16: =IF(AND(J16<=600,J16>=301),2,0) -> 0 | S16: =SUM(K16:R16) -> 2
A17: SAMPUÉS | B17: 170670000128 | C17: IE MARISCAL SUCRE | D17: 170670000012 | E17: SEDE LAS PERONILLAS | F17: URBANA | G17: COMP | H17: PM | I17: 151 | K17: =IF(AND(I17<=100,I17>=1),1,0) -> 0 | L17: =IF(AND(I17<=200,I17>=101),2,0) -> 2 | M17: =IF(AND(I17<=300,I17>=201),3,0) -> 0 | N17: =IF(AND(I17<=400,I17>=301),4,0) -> 0 | O17: =IF(AND(I17<=500,I17>=401),5,0) -> 0 | P17: =IF(AND(I17<=600,I17>=501),6,0) -> 0 | Q17: =IF(AND(J17<=300,J17>=25),1,0) -> 0 | R17: =IF(AND(J17<=600,J17>=301),2,0) -> 0 | S17: =SUM(K17:R17) -> 2
A18: SAMPUÉS | B18: 170670000128 | C18: IE MARISCAL SUCRE | D18: 170670000098 | E18: SEDE SANTA MARTA | F18: URBANA | G18: RI | H18: AM | J18: 162 | K18: =IF(AND(I18<=100,I18>=1),1,0) -> 0 | L18: =IF(AND(I18<=200,I18>=101),2,0) -> 0 | M18: =IF(AND(I18<=300,I18>=201),3,0) -> 0 | N18: =IF(AND(I18<=400,I18>=301),4,0) -> 0 | O18: =IF(AND(I18<=500,I18>=401),5,0) -> 0 | P18: =IF(AND(I18<=600,I18>=501),6,0) -> 0 | Q18: =IF(AND(J18<=300,J18>=25),1,0) -> 1 | R18: =IF(AND(J18<=600,J18>=301),2,0) -> 0 | S18: =SUM(K18:R18) -> 1
A19: SAMPUÉS | B19: 170670000128 | C19: IE MARISCAL SUCRE | D19: 170670000098 | E19: SEDE SANTA MARTA | F19: URBANA | G19: RI | H19: PM | J19: 94 | K19: =IF(AND(I19<=100,I19>=1),1,0) -> 0 | L19: =IF(AND(I19<=200,I19>=101),2,0) -> 0 | M19: =IF(AND(I19<=300,I19>=201),3,0) -> 0 | N19: =IF(AND(I19<=400,I19>=301),4,0) -> 0 | O19: =IF(AND(I19<=500,I19>=401),5,0) -> 0 | P19: =IF(AND(I19<=600,I19>=501),6,0) -> 0 | Q19: =IF(AND(J19<=300,J19>=25),1,0) -> 1 | R19: =IF(AND(J19<=600,J19>=301),2,0) -> 0 | S19: =SUM(K19:R19) -> 1
A20: SAMPUÉS | B20: 170670000128 | C20: IE MARISCAL SUCRE | D20: 270670000530 | E20: SEDE BIZERTA | F20: URBANA | G20: COMP | H20: AM | I20: 105 | K20: =IF(AND(I20<=100,I20>=1),1,0) -> 0 | L20: =IF(AND(I20<=200,I20>=101),2,0) -> 2 | M20: =IF(AND(I20<=300,I20>=201),3,0) -> 0 | N20: =IF(AND(I20<=400,I20>=301),4,0) -> 0 | O20: =IF(AND(I20<=500,I20>=401),5,0) -> 0 | P20: =IF(AND(I20<=600,I20>=501),6,0) -> 0 | Q20: =IF(AND(J20<=300,J20>=25),1,0) -> 0 | R20: =IF(AND(J20<=600,J20>=301),2,0) -> 0 | S20: =SUM(K20:R20) -> 2
A21: SAMPUÉS | B21: 170670000128 | C21: IE MARISCAL SUCRE | D21: 270670000530 | E21: SEDE BIZERTA | F21: URBANA | G21: COMP | H21: PM | I21: 69 | K21: =IF(AND(I21<=100,I21>=1),1,0) -> 1 | L21: =IF(AND(I21<=200,I21>=101),2,0) -> 0 | M21: =IF(AND(I21<=300,I21>=201),3,0) -> 0 | N21: =IF(AND(I21<=400,I21>=301),4,0) -> 0 | O21: =IF(AND(I21<=500,I21>=401),5,0) -> 0 | P21: =IF(AND(I21<=600,I21>=501),6,0) -> 0 | Q21: =IF(AND(J21<=300,J21>=25),1,0) -> 0 | R21: =IF(AND(J21<=600,J21>=301),2,0) -> 0 | S21: =SUM(K21:R21) -> 1
A22: TOTAL | I22: =SUM(I9:I21) -> 2249 | J22: =SUM(J9:J21) -> 256
A23: Total general | K23: =SUM(K9:K22) -> 2 | L23: =SUM(L9:L22) -> 10 | M23: =SUM(M9:M22) -> 3 | N23: =SUM(N9:N22) -> 4 | O23: =SUM(O9:O22) -> 5 | P23: =SUM(P9:P22) -> 6 | Q23: =SUM(Q9:Q22) -> 2 | R23: =SUM(R9:R22) -> 0 | S23: =SUM(K23:R23) -> 32
A25: NOTA: *Ración Preparada en Sitio: El cálculo del número de manipuladoras correspondiente por sede se estableción de la siguiente manera: 0 a 100 RPS: 1 manipulador, 101 a 200 RPS: 2 manipuladores, 201 a 300 RPS: 3 manipuladores, 301 a 400 RPS: 4 manipuladores, 401 a 500 RPS: 5 manipuladores, 501 a 600 RPS: 6 manipuladores.
A26: *Industrializada: Para el caso de las sedes con modalidad industrializada la ETC determinó: 25 a 300 RI: 1 manipuladora y de 301 a 600 RI: 2 manipuladoras; ya que dicha modalidad implica poca complejidad a la hora de entregarse las raciones. Cabe resaltar, que en aquellos casos donde hayan menos de 50 Raciones Industrializadas estas deberán ser suministradas por un algún delegado del Comité de Alimentación Escolar (CAE).

Sheet SMMLV 2023
A1: REPUBLICA DE COLOMBIA
A2: MUNICIPIO DE SAMPUÉS - SUCRE
A3: SECRETARIA DE EDUCACION MUNICIPAL
A4: PROGRAMA DE ALIMENTACION ESCOLAR VIGENCIA 2023 - LEY 715 DE 2001
A6: CÁLCULO PAGO MANIPULADORAS Y OTROS
A8: SALARIO MÍNIMO MENSUAL LEGAL VIGENTE 2022 - AUXILIARES, SUPERVISORES
A9: CONCEPTO | B9: % | C9: VALOR
A10: Salario mínimo | C10: 1000000
A11: Auxilio de Transporte | C11: 117172
A12: Sub total salario minimo | C12: =+C11+C10 -> 1117172
A13: Prima (1 salario anual + transporte) | C13: 93098
A14: Cesantias (1 salario anual) | C14: 93098
A15: Intereses sobre cesantías | B15: 1 | C15: =(B15*C12)/100 -> 11171.72
A16: Vacaciones | B16: 4.17 | C16: =(B16*C10)/100 -> 41700
A17: Aporte seguridad social - salud | B17: 8.5 | C17: =(C10*B17)/100 -> 85000
A18: Aporte seguridad social - pension | B18: 12 | C18: =(C10*B18)/100 -> 120000
A19: Aporte Seguiriad Social - ARL | B19: 2.436 | C19: =(C10*B19)/100 -> 24360
A20: Parafiscales Caja de Compensacion 4%) | B20: 4 | C20: =(C10*B20)/100 -> 40000
A21: Paraficales - ICBF (3%) | B21: 3 | C21: =(B21*C10)/100 -> 30000
A22: Paraficales - Sena (2%) | B22: 2 | C22: =(B22*C10)/100 -> 20000
A23: TOTAL | C23: =SUM(C12:C22) -> 1675599.7
A24: PROYECCIÓN % IPC 2023 DEL 16% | C24: =(C23*16)/100 -> 268095.96
A25: GRAN TOTAL | C25: =ROUND((+C23+C24),2) -> 1943695.7
A26: *FUENTE: Ministerio del Trabajo 2022.
A28: SALARIO MÍNIMO MENSUAL LEGAL VIGENTE 2022 - CONDUCTORES
A29: CONCEPTO | B29: % | C29: VALOR
A30: Salario mínimo | C30: 1000000
A31: Auxilio de Transporte | C31: 117172
A32: Sub total salario minimo | C32: =+C31+C30 -> 1117172
A33: Prima (1 salario anual + transporte) | C33: 93098
A34: Cesantias (1 salario anual) | C34: 93098
A35: Intereses sobre cesantías | B35: 1 | C35: =(B35*C32)/100 -> 11171.72
A36: Vacaciones | B36: 4.17 | C36: =(B36*C30)/100 -> 41700
A37: Aporte seguridad social - salud | B37: 8.5 | C37: =(C30*B37)/100 -> 85000
A38: Aporte seguridad social - pension | B38: 12 | C38: =(C30*B38)/100 -> 120000
A39: Aporte Seguiriad Social - ARL | B39: 4.35 | C39: =(C30*B39)/100 -> 43500
A40: Parafiscales Caja de Compensacion 4%) | B40: 4 | C40: =(C30*B40)/100 -> 40000
A41: Paraficales - ICBF (3%) | B41: 3 | C41: =(B41*C30)/100 -> 30000
A42: Paraficales - Sena (2%) | B42: 2 | C42: =(B42*C30)/100 -> 20000
A43: TOTAL | C43: =SUM(C32:C42) -> 1694739.7
A44: PROYECCIÓN % IPC 2023 DEL 16% | C44: =(C43*16)/100 -> 271158.36
A45: GRAN TOTAL | C45: =ROUND((+C43+C44),2) -> 1965898.1
A46: *FUENTE: Ministerio del Trabajo 2022.
A48: SALARIO MÍNIMO INTEGRAL 2023 | B48: 1943695.7
A49: DÍAS CALENDARIO (MES) | B49: 30
A51: SALARIO MÍNIMO INTEGRAL 2023 | B51: 1295797.1
A52: 1/2 SALARIO MÍNIMO INTEGRAL 2023 | B52: 647898.56
A53: 1/4 SALARIO MÍNIMO INTEGRAL 2023 | B53: 323949.28
A54: DÍAS HÁBILES (MES) | B54: 20
A55: N° MESES | B55: 3.45
A56: N° CUPOS (DIARIOS) | B56: 2505
A57: N° DÍAS HÁBILES ESCOLARES A ATENDER | B57: 69
A59: N° MANIPULADORAS RPS | B59: 30
A60: PAGO TOTAL MANIPULADORAS (RPS) | B60: 67057501
A62: N° MANIPULADORAS RI | B62: 2
... A65: PAGO TOTAL MANIPULADORAS (OPERACION) | B65: 69292751

Sheet TRANSPORTE
A1: REPUBLICA DE COLOMBIA
A2: MUNICIPIO DE SAMPUÉS - SUCRE
A3: SECRETARIA DE EDUCACION MUNICIPAL
A4: PROGRAMA DE ALIMENTACION ESCOLAR VIGENCIA 2023 - LEY 715 DE 2001
A6: TABLA DE COSTOS DE TRANSPORTE DE ALIMENTOS
A8: ITEM | B8: MUNICIPIO | C8: CUPOS | D8: PESO PROMEDIO COMPLEMENTO (KILOS) | E8: PESO POR MUNICIPIO | F8: COTIZACION 1-COSTO TONELADA | G8: COTIZACION 2-COSTO TONELADA | H8: COTIZACION 3-COSTO TONELADA | I8: VALOR PROMEDIO KILO MENSUAL | J8: VALOR TOTAL MENSUAL
A9: 1 | B9: SAMPUÉS | C9: ='PRESUPUESTO 2023'!D13 -> 2505 | D9: =ROUND((('COMPLEMENTO AM-PM NP GDOS 4-5'!F384+'COMPLEMENTO RI NP GDOS 4-5'!F112)/2),2) -> 5.45 | E9: =ROUND(TRANSPORTE[[#This Row],[CUPOS ]]*TRANSPORTE[[#This Row],[PESO PROMEDIO COMPLEMENTO (KILOS)]],2) -> 13652.25 | F9: 205800 | G9: 250000 | H9: 300000 | I9: 251.93333 | J9: 3439456.9
B10: TOTAL | C10: =SUBTOTAL(109,C9:C9) -> 2505 | D10: =D9 -> 5.45 | E10: =ROUND(TRANSPORTE[[#This Row],[CUPOS ]]*TRANSPORTE[[#This Row],[PESO PROMEDIO COMPLEMENTO (KILOS)]],2) -> 13652.25 | I10: =I9 -> 251.93333 | J10: =SUM(J9:J9) -> 3439456.9
A12: VALOR TOTAL MENSUAL | C12: =J10 -> 3439456.9
A13: CUPOS | C13: ='PRESUPUESTO 2023'!D13 -> 2505
A14: COSTO TRANSPORTE RACION | C14: =ROUND((C12/(C13*20)),2) -> 68.65
A17: TABLA DE COSTOS DE TRANSPORTE DE ASEO
A19: ITEM | B19: MUNICIPIO | C19: COTIZACION 1-COSTO RUTA | D19: COTIZACION 2-COSTO RUTA | E19: COTIZACION 3-COSTO RUTA | F19: VALOR PROMEDIO RUTA | G19: N° MESES | H19: TOTAL RUTA ASEO (OPERACIÓN)
A20: 1 | B20: SAMPUÉS | C20: 205800 | D20: 250000 | E20: 300000 | F20: 251933.33 | G20: 3.45 | H20: 869170
B21: TOTAL

Sheet SALARIOS RECURSO HUMANO
A1: REPUBLICA DE COLOMBIA
A2: MUNICIPIO DE SAMPUÉS - SUCRE
A3: SECRETARIA DE EDUCACION MUNICIPAL
A4: PROGRAMA DE ALIMENTACION ESCOLAR VIGENCIA 2023 - LEY 715 DE 2001
A6: TABLA DE SALARIOS RECURSO HUMANO PAE VIGENCIA 2023
A8: DESCRIPCION | B8: CANTIDAD | C8: ASIGNACIÓN MENSUAL | D8: N° MESES | E8: TOTAL
A9: COORDINADOR OPERATIVO | B9: 1 | C9: 3400000 | D9: 3.45 | E9: =(Tabla136434[[#This Row],[CANTIDAD]]*Tabla136434[[#This Row],[ASIGNACIÓN MENSUAL]])*Tabla136434[[#This Row],[N° MESES]] -> 11730000
A10: CONDUCTORES | B10: 1 | C10: 1965898.1 | D10: 3.45 | E10: =ROUND(((Tabla136434[[#This Row],[CANTIDAD]]*Tabla136434[[#This Row],[ASIGNACIÓN MENSUAL]])*Tabla136434[[#This Row],[N° MESES]]),2) -> 6782348.4
A11: AUXILIARES DE CARGA Y DESCARGA | B11: 2 | C11: 1943695.7 | D11: 3.45 | E11: =ROUND(((Tabla136434[[#This Row],[CANTIDAD]]*Tabla136434[[#This Row],[ASIGNACIÓN MENSUAL]])*Tabla136434[[#This Row],[N° MESES]]),2) -> 13411500
A12: TOTAL | B12: =SUBTOTAL(109,B9:B11) -> 4 | E12: =SUBTOTAL(109,E9:E11) -> 31923849

Sheet DOTACION
A1: REPUBLICA DE COLOMBIA
A2: MUNICIPIO DE SAMPUÉS - SUCRE
A3: SECRETARIA DE EDUCACION MUNICIPAL
A4: PROGRAMA DE ALIMENTACION ESCOLAR VIGENCIA 2023 - LEY 715 DE 2001
A6: TABLA DE DOTACIÓN PARA EL RECURSO HUMANO DEL PAE VIGENCIA 2023
A8: DESCRIPCION | B8: CANTIDAD | C8: UNIFORME (CAMISA + PANTALÓN) | D8: GORRO/COFIA | E8: TAPABOCAS | F8: DELANTAL | G8: CALZADO ANTIDESLIZANTE
A9: COORDINADOR OPERATIVO | B9: 1
A10: CONDUCTORES | B10: 1 | C10: 2 | D10: 2 | E10: 2 | F10: 2 | G10: 2
A11: AUXILIARES DE CARGA Y DESCARGA | B11: 2 | C11: 2 | D11: 2 | E11: 2 | F11: 2 | G11: 2
A12: MANIPULADORES | B12: =N°MANIPULADORES!S23 -> 32 | C12: 2 | D12: 2 | E12: 2 | F12: 2 | G12: 2
A13: Total | B13: =SUBTOTAL(109,Tabla13643[CANTIDAD]) -> 36 | C13: =SUMPRODUCT(Tabla13643[CANTIDAD],Tabla13643[UNIFORME (CAMISA + PANTALÓN)]) -> 70 | D13: =SUMPRODUCT(Tabla13643[CANTIDAD],Tabla13643[GORRO/COFIA]) -> 70 | E13: =SUMPRODUCT(Tabla13643[CANTIDAD],Tabla13643[TAPABOCAS]) -> 70 | F13: =SUMPRODUCT(Tabla13643[CANTIDAD],Tabla13643[TAPABOCAS]) -> 70 | G13: =SUMPRODUCT(Tabla13643[CANTIDAD],Tabla13643[CALZADO ANTIDESLIZANTE]) -> 70
A15: DESCRIPCIÓN | B15: COTIZACIÓN 1 | C15: COTIZACIÓN 2 | D15: COTIZACIÓN 3 | E15: PROMEDIO | F15: CANTIDAD | G15: VALOR TOTAL
A16: =Tabla13643[[#Headers],[UNIFORME (CAMISA + PANTALÓN)]] -> UNIFORME (CAMISA + PANTALÓN) | B16: 65900 | C16: 65000 | D16: =34840+33180 -> 68020 | E16: 66306.67 | F16: =Tabla13643[[#Totals],[UNIFORME (CAMISA + PANTALÓN)]] -> 70 | G16: =E16*F16 -> 4641466.9
A17: =Tabla13643[[#Headers],[GORRO/COFIA]] -> GORRO/COFIA | B17: 10500 | C17: 8000 | D17: 7900 | E17: 8800 | F17: =Tabla13643[[#Totals],[GORRO/COFIA]] -> 70 | G17: =E17*F17 -> 616000
A18: =Tabla13643[[#Headers],[TAPABOCAS]] -> TAPABOCAS | B18: 3500 | C18: 2000 | D18: 4600 | E18: 3366.67 | F18: =Tabla13643[[#Totals],[TAPABOCAS]] -> 70 | G18: =E18*F18 -> 235666.9
A19: =Tabla13643[[#Headers],[DELANTAL]] -> DELANTAL | B19: 16900 | C19: 18000 | D19: 15000 | E19: 16633.33 | F19: =Tabla13643[[#Totals],[DELANTAL]] -> 70 | G19: =E19*F19 -> 1164333.1
A20: =Tabla13643[[#Headers],[CALZADO ANTIDESLIZANTE]] -> CALZADO ANTIDESLIZANTE | B20: 40266 | C20: 45000 | D20: 48500 | E20: 44588.67 | F20: =Tabla13643[[#Totals],[CALZADO ANTIDESLIZANTE]] -> 70 | G20: =E20*F20 -> 3121206.9
A21: GRAN TOTAL DOTACIÓN | G21: =SUM(G16:G20) -> 9778673.8

Sheet EXAMEN
A1: REPUBLICA DE COLOMBIA
A2: MUNICIPIO DE SAMPUÉS - SUCRE
A3: SECRETARIA DE EDUCACION MUNICIPAL
A4: PROGRAMA DE ALIMENTACION ESCOLAR VIGENCIA 2023 - LEY 715 DE 2001
A6: TABLA DE EXÁMENES A REALIZAR AL RECURSO HUMANO DEL PAE VIGENCIA 2023
A8: DESCRIPCION | B8: CANTIDAD | C8: KOH UÑAS | D8: FROTIS FARINGEO | E8: COPROLOGICO | F8: SEROLOGICO (VDRL)
A9: COORDINADOR OPERATIVO | B9: 1
A10: CONDUCTORES | B10: 1 | C10: 1 | D10: 1 | E10: 1 | F10: 1
A11: AUXILIARES DE CARGA Y DESCARGA | B11: 2 | C11: 1 | D11: 1 | E11: 1 | F11: 1
A12: MANIPULADORAS | B12: =N°MANIPULADORES!S23 -> 32 | C12: 1 | D12: 1 | E12: 1 | F12: 1
A13: Total | B13: =SUBTOTAL(109,Tabla136438[CANTIDAD]) -> 36 | C13: =SUMPRODUCT(Tabla136438[CANTIDAD],Tabla136438[KOH UÑAS]) -> 35 | D13: =SUMPRODUCT(Tabla136438[CANTIDAD],Tabla136438[FROTIS FARINGEO]) -> 35 | E13: =SUMPRODUCT(Tabla136438[CANTIDAD],Tabla136438[COPROLOGICO]) -> 35 | F13: =SUMPRODUCT(Tabla136438[CANTIDAD],Tabla136438[SEROLOGICO (VDRL)]) -> 35
A15: DESCRIPCIÓN | B15: COTIZACIÓN 1 | C15: COTIZACIÓN 2 | D15: COTIZACIÓN 3 | E15: PROMEDIO | F15: CANTIDAD | G15: VALOR TOTAL
A16: =Tabla136438[[#Headers],[KOH UÑAS]] -> KOH UÑAS | B16: 9500 | C16: 8000 | D16: 9000 | E16: 8833.33 | F16: =Tabla136438[[#Totals],[KOH UÑAS]] -> 35 | G16: =E16*F16 -> 309166.55
A17: =Tabla136438[[#Headers],[FROTIS FARINGEO]] -> FROTIS FARINGEO | B17: 12000 | C17: 10000 | D17: 8000 | E17: 10000 | F17: =Tabla136438[[#Totals],[FROTIS FARINGEO]] -> 35 | G17: =E17*F17 -> 350000
A18: =Tabla136438[[#Headers],[COPROLOGICO]] -> COPROLOGICO | B18: 10000 | C18: 9000 | D18: 8000 | E18: 9000 | F18: =Tabla136438[[#Totals],[COPROLOGICO]] -> 35 | G18: =E18*F18 -> 315000
A19: =Tabla136438[[#Headers],[SEROLOGICO (VDRL)]] -> SEROLOGICO (VDRL) | B19: 12000 | C19: 10000 | D19: 9000 | E19: 10333.33 | F19: =Tabla136438[[#Totals],[SEROLOGICO (VDRL)]] -> 35 | G19: =E19*F19 -> 361666.55
A20: GRAN TOTAL EXÁMENES | G20: =SUM(G16:G19) -> 1335833.1

Sheet EQUIPO PAE
A1: REPUBLICA DE COLOMBIA
A2: MUNICIPIO DE SAMPUÉS - SUCRE
A3: SECRETARIA DE EDUCACION MUNICIPAL
A4: PROGRAMA DE ALIMENTACION ESCOLAR VIGENCIA 2023 - LEY 715 DE 2001
A6: TABLA EQUIPO DE APOYO MUNICIPAL
A8: PROFESION | B8: EXPERIENCIA ESPECÍFICA EN PROGRAMAS SOCIALES | C8: TIPO DE VINULACION | D8: ASIGNACION MENSUAL 2023 | E8: N° MESES | F8: GRAN TOTAL
A9: INGENIERO DE ALIMENTOS, INGENIERO AGROINDUSTRIAL O AFINES | B9: 12 MESES | C9: CONTRATISTA | D9: 5000000 | E9: 4 | F9: =D9*E9 -> 20000000
A10: TOTAL | F10: =SUM(F9:F9) -> 20000000

Sheet CALENDARIO 2023
A1: REPUBLICA DE COLOMBIA
A2: MUNICIPIO DE SAMPUÉS - SUCRE
A3: SECRETARIA DE EDUCACION MUNICIPAL
A4: PROGRAMA DE ALIMENTACION ESCOLAR VIGENCIA 2023 - LEY 715 DE 2001
A6: TABLA PROYECCION CALENDARIO DE ATENCION
A8: PROGRAMA DE ALIMENTACIÓN ESCOLAR VIGENCIA 2023 - LEY 715 DE 2001 MUNICIPIO DE SAMPUÉS - SUCRE
A9: PROYECCIÓN CALENDARIO PAE 2023
A10: MES | B10: N° DIAS CON EJECUCIÓN PAE
A11: ENERO | B11: 0
A12: FEBRERO | B12: 0
A13: MARZO | B13: 0
A14: ABRIL | B14: 0
A15: MAYO | B15: 21
A16: JUNIO | B16: 11
A17: JULIO | B17: 15
A18: AGOSTO | B18: 21
A19: SEPTIEMBRE | B19: 1
A20: OCTUBRE | B20: 0
A21: NOVIEMBRE | B21: 0
A22: DICIEMBRE | B22: 0
A23: TOTAL | B23: =SUM(B11:B22) -> 69
A25: N° MESES | B25: 3.45

Sheet IMPUESTO Y ESTAMPILLAS
A1: REPUBLICA DE COLOMBIA
A2: MUNICIPIO DE SAMPUÉS - SUCRE
A3: SECRETARIA DE EDUCACION MUNICIPAL
A4: PROGRAMA DE ALIMENTACION ESCOLAR VIGENCIA 2023 - LEY 715 DE 2001
A6: TABLA DE IMPUESTOS 2023
A7: CONCEPTO | B7: % IMPUESTOS
A8: Estampilla-Pro-Hospital | B8: 1
A9: Estampilla Unisucre | B9: 1.5
A10: Estampilla-Pro-Cultura | B10: 2
A11: Estampilla-Pro-Adulto Mayor | B11: 4
A12: Estampilla Electrificación Rural | B12: 0.5
A13: Sobretasa Fondo Microempresarial | B13: 1
A14: Sobretasa al Deporte | B14: 1
A15: Retefuente | B15: 3.5
A16: TOTAL | B16: =SUM(B8:B15) -> 14.5

Sheet RESUMEN CUPOS
A1: REPUBLICA DE COLOMBIA
A2: MUNICIPIO DE SAMPUÉS - SUCRE
A3: SECRETARIA DE EDUCACION MUNICIPAL
A4: PROGRAMA DE ALIMENTACIÓN ESCOLAR VIGENCIA 2023 - LEY 715 DE 2001
A6: RESUMEN DE CUPOS - CORTE 07 DE DICIEMBRE DE 2022
A8: INSTITUCIÓN EDUCATIVA | B8: NIVEL PREESCOLAR | C8: NIVEL 1° A 3° | D8: NIVEL 4° Y 5° | E8: TOTAL
A9: IE MILLAN VARGAS SEDE PRINCIPAL | B9: 101 | C9: =75+85+59 -> 219 | D9: =94+196 -> 290 | E9: =SUM(B9:D9) -> 610
A10: IE MILLAN VARGAS SEDE EL CAMPANO SEBASTIAN PEÑATES | B10: 92 | C10: =64+64+58 -> 186 | D10: 50 | E10: =SUM(B10:D10) -> 328
A11: IE MILLAN VARGAS SEDE LUIS G PORTACIO | B11: 100 | C11: =85+86+62 -> 233 | D11: 69 | E11: =SUM(B11:D11) -> 402
A12: IE MARISCAL SEDE PRINCIPAL | B12: 0 | C12: =24+99+109 -> 232 | D12: =105+113 -> 218 | E12: =SUM(B12:D12) -> 450
A13: IE MARISCAL SUCRE SEDE LAS PERONILLAS | B13: 24 | C13: =32+52+51 -> 135 | D13: =58+68 -> 126 | E13: =SUM(B13:D13) -> 285
A14: IE MARISCAL SUCRE SEDE SANTA MARTA | B14: 162 | C14: 94 | D14: 0 | E14: =SUM(B14:D14) -> 256
A15: IE MARISCAL SUCRE SEDE BIZERTA | B15: 29 | C15: =28+26+34 -> 88 | D15: =31+26 -> 57 | E15: =SUM(B15:D15) -> 174
B16: =SUM(B9:B15) -> 508 | C16: =SUM(C9:C15) -> 1187 | D16: =SUM(D9:D15) -> 810 | E16: =SUM(E9:E15) -> 2505

Sheet VALOR RACIÓN 2023
A1: REPUBLICA DE COLOMBIA
A2: MUNICIPIO DE SAMPUÉS - SUCRE
A3: SECRETARIA DE EDUCACION MUNICIPAL
A4: PROGRAMA DE ALIMENTACION ESCOLAR VIGENCIA 2023 - LEY 715 DE 2001
A6: VALOR UNITARIO POR RACIÓN
A8: PROGRAMA DE ALIMENTACIÓN ESCOLAR VIGENCIA 2023 - LEY 715 DE 2001 MUNICIPIO DE SAMPUÉS - SUCRE
A9: TOTAL VALOR RACIÓN COMPLEMENTO ALIMENTARIO JORNADA AM,PM
A10: COSTOS VARIABLES
A11: PRECIO ALIMENTO RACIÓN AM, PM | B11: ='COMPLEMENTO AM-PM NP GDOS 4-5'!F382 -> 2621.21 | D11: =(B11*100)/B$14 -> 85.500075
A12: SUBTOTAL | B12: =SUM(B11:B11) -> 2621.21 | D12: =(B12*100)/B$14 -> 85.500075
A13: OTROS COSTOS (IMPUESTO / ESTAMPILLAS) | B13: 444.53 | D13: =(B13*100)/B$14 -> 14.499925
A14: TOTAL | B14: =SUM(B12:B13) -> 3065.74 | D14: =(B14*100)/B$14 -> 100
A17: PROGRAMA DE ALIMENTACIÓN ESCOLAR VIGENCIA 2023 - LEY 715 DE 2001 MUNICIPIO DE SAMPUÉS - SUCRE
A18: TOTAL VALOR RACIÓN RACIÓN INDUSTRIALIZADA
A19: COSTOS VARIABLES
A20: PRECIO ALIMENTO RACIÓN INDUSTRIALIZADA | B20: ='COMPLEMENTO RI NP GDOS 4-5'!F110 -> 3060.12
A21: SUBTOTAL | B21: =SUM(B20:B20) -> 3060.12
A22: OTROS COSTOS (IMPUESTO / ESTAMPILLAS) | B22: 518.97
A23: TOTAL | B23: =SUM(B21:B22) -> 3579.09

Sheet PRESUPUESTO 2023
A1: REPUBLICA DE COLOMBIA
A2: MUNICIPIO DE SAMPUÉS - SUCRE
A3: SECRETARIA DE EDUCACION MUNICIPAL
A4: PROGRAMA DE ALIMENTACIÓN ESCOLAR VIGENCIA 2023 - LEY 715 DE 2001
A6: PRESUPUESTO GENERAL
A8: COSTO PRESUPUESTO OPERACIÓN PAE VIGENCIA 2023
A9: CONCEPTO | B9: NUMERO DE DIAS A ATENDER | D9: CUPOS | E9: COSTO VARIABLE | F9: TOTAL GENERAL
A11: COSTO DIRECTO COMPLEMENTO AM/PM | B11: ='CALENDARIO 2023'!B23 -> 69 | D11: =+'RESUMEN CUPOS'!E9+'RESUMEN CUPOS'!E10+'RESUMEN CUPOS'!E11+'RESUMEN CUPOS'!E12+'RESUMEN CUPOS'!E13+'RESUMEN CUPOS'!E15 -> 2249 | E11: ='VALOR RACIÓN 2023'!B14 -> 3065.74 | F11: =(E11*D11)*B11 -> 4.757446e+08
A12: COSTO DIRECTO RACIÓN INDUSTRIALIZADA | D12: =+'RESUMEN CUPOS'!E14 -> 256 | E12: ='VALOR RACIÓN 2023'!B23 -> 3579.09 | F12: =(E12*D12)*B11 -> 63221046
A13: TOTAL CUPOS | D13: =+D11+D12 -> 2505
A14: SUBTOTAL COSTOS DIRECTOS | F14: =+F11+F12 -> 5.3896564e+08
A15: COSTOS INDIRECTOS OPERACIÓN
A16: MANO DE OBRA MANIPULADORAS ---------------------------------------------------------------------------------------------------------------------------------------------------------------------- | F16: ='SMMLV 2023'!B60 -> 67057501
A17: TRANSPORTE DE ALIMENTOS --------------------------------------------------------------------------------------------------------------------------------------------------------------------------- | F17: =(TRANSPORTE!C14*'PRESUPUESTO 2023'!B11*'PRESUPUESTO 2023'!D13)+TRANSPORTE!H20 -> 12734979
A18: RECURSO HUMANO ------------------------------------------------------------------------------------------------------------------------------------------------------------------------------------------ | F18: ='SALARIOS RECURSO HUMANO'!E12 -> 31923849
A19: DOTACION ------------------------------------------------------------------------------------------------------------------------------------------------------------------------------------------------------- | F19: =+DOTACION!G21 -> 9778673.8
A20: EXAMEN DE LABORATORIO -------------------------------------------------------------------------------------------------------------------------------------------------------------------------------- | F20: =+EXAMEN!G20 -> 1335833.1
A21: ASEO -------------------------------------------------------------------------------------------------------------------------------------------------------------------------------------------------------------- | F21: =+'ASEO RPS'!L22+'ASEO RI'!L19 -> 5341826.1
A22: COMBUSTIBLE ------------------------------------------------------------------------------------------------------------------------------------------------------------------------------------------------- | F22: ='COMBUSTIBLE-SEDES'!L20*B11*D11 -> 3856247.9
A23: SUBTOTAL COSTO INDIRECTOS ----------------------------------------------------------------------------------------------------------------------------------------------------------------- | F23: =SUM(F16:F22) -> 1.3202891e+08
A24: IMPUESTOS Y ESTAMPILLAS COSTOS INDIRECTOS (14,5%) ---------------------------------------------------------------------------------------------------------------------------- | F24: 22390868
A25: SUB TOTAL COSTO OPERACIÓN ----------------------------------------------------------------------------------------------------------------------------------------------------------------- | F25: =F14+F23+F24 -> 6.9338542e+08
A26: GASTOS DE ADMINISTRACION Y SERVICIOS CONEXOS (3%) ------------------------------------------------------------------------------------------------------------------------ | F26: =ROUND(((F25*3)/100),2) -> 20801563
A27: GASTOS DE IMPREVISTOS (1,33909497%) ----------------------------------------------------------------------------------------------------------------------------------------------------------------- | F27: =ROUND(((F25*1.33909497)/100),2) -> 9285089.3
A28: SUBTOTAL ADMINISTRACION E IMPREVISTOS --------------------------------------------------------------------------------------------------------------------------------------------- | F28: =F27+F26 -> 30086652
A29: COSTO TOTAL OPERACION PAE ----------------------------------------------------------------------------------------------------------------------------------------------------------------- | F29: =+F25+F28 -> 7.2347207e+08 | H29: 412032000
A30: RECURSOS SGP - ALIMENTACIÓN ESCOLAR ------------------------------------------------------------------------------------------------------------------------------------- | F30: 723472074 | K30: =+K32-F29 -> 0
A31: RECURSOS PROPIOS - EQUIPO PAE ------------------------------------------------------------------------------------------------------------------------------------------------------- | F31: ='EQUIPO PAE'!F10 -> 20000000
A32: GRAN TOTAL PROYECTO PAE 2023 | F32: =+F29+F31 -> 7.4347207e+08 | H32: =H29-F29 -> -3.1144007e+08 | K32: 723472074
K33: =+F30 -> 723472074
K35: =K33-K32 -> 0

Sheet GASTOS ADMINISTRATIVOS
A1: REPUBLICA DE COLOMBIA
A2: MUNICIPIO DE SAMPUÉS - SUCRE
A3: SECRETARIA DE EDUCACION MUNICIPAL
A4: PROGRAMA DE ALIMENTACION ESCOLAR VIGENCIA 2023 - LEY 715 DE 2001
A6: GASTOS ADMINISTRATIVOS Y SERVICIOS CONEXOS (3%)
A8: Servicios públicos - Bodega (Agua, Energía eléctrica, Gas, Teléfono, Internet) | B8: 0.03 | C8: ='PRESUPUESTO 2023'!F26 -> 20801563
A9: Utiles, papaelería y fotocopias (Material Informativo: Ficha Técnica de Información del PAE, Ciclo de menús, Canales de Atención, Marcación de áreas, Planes y formatos, Demarcación de áreas) | E9: ='PRESUPUESTO 2023'!F26 -> 20801563
A10: Transporte, fletes, acarreos (Conforme a la implementación de la modalidad de Comida Caliente Transportada (CCT) en aquellos establecimientos educativos donde no se cuente con las condiciones mínimas del comedor escolar)
A11: Mantenimiento de Equipos en las I.E - Acción Preventiva y/o Correctiva | E11: =(E9*1.5)/5 -> 6240468.8
A12: Otros (Nómina a destajo, Gastos de ruta, Elementos de aseo y cafetería, Combustible y lubricantes, Peajes, Gastos bancarios, Parqueaderos y lavados, Viáticos, Pólizas, etc) | E12: =(E9*0.5)/5 -> 2080156.3
A13: Análisis microbiológicos conforme al Plan de Muestreo acordado entre el operador y la ET en la fase pre-operativa
A14: *Nota: El rubro denominado en el presupuesto como "GASTOS ADMINISTRATIVOS Y SERVICIOS CONEXOS" lo componen todos los gastos y/o costos administrativos que el contratista necesita para cumplir con sus obligaciones; está conformado por conceptos que no se detallan en el presupuesto como costos directos o indirectos. Para la presente vigencia se estima un 3% del total del presupuesto, en éste mismo porcentaje se entra a considerar para la presente vigencia y conforme a las directrices establecidas recientemente en la Resolución 335 del 23 de diciembre de 2021, la realización de algunos anális microbológicos a los alimentos que en su momento serán definidos en concenso con la ET en la fase de alistamiento. Es de precisar que las erogaciones que serán ejecutadas dentro del rubro de gastos administrativos fueron enunciadas anteriormente en el cuadro; no obstante, para la ejecución de dicho rubro no se tiene estimado un valor mensual por erongación o gasto, dado que estos son sujetos a variaciones y estos se van presentando de acuerdo a la necesidad y cuando se requiera; de manera que el contratista deberá presentar factutras y/o cuentas de cobro por el valor a cobrar por concepto de "GASTOS ADMINISTRATIVOS Y SERVICIOS CONEXOS" aportando los soportes por cada concepto que se ejecute.
A16: GASTOS DE IMPREVISTOS (1,33909497%)
A18: Fumigaciones en la I.E donde se presenten plagas y/o roedores - Acción Correctiva | B18: 0.01339095 | C18: ='PRESUPUESTO 2023'!F27 -> 9285089.3 | E18: ='PRESUPUESTO 2023'!F27 -> 9285089.3
A19: Contingencias (Inundaciones, desastres naturales, por factores externos teniendo en cuenta)
A20: Otros (Elementos de Bioseguridad, etc)
A21: **Nota: Es de precisar, que el rubro denominado en el presupuesto como "GASTOS DE IMPREVISTOS" se encuentra sujeto a situaciones externas que podrían presentarse y que se relacionen con la operación del programa, por tanto, en caso de darse algún tipo de situación, el contratista deberá solicitar aprobación por parte del Comité Territorial de Planeación y Seguimiento (CTPS) con las respectivas justificaciones y esto será sujeto de aprobación o no; en caso, de ser aprobado deberá soportarse con facturas y/o documentos equivalentes y relacionarse en el informe financiero y técnico del período.
